 Dungeon Crawl Stone Soup version 0.32-a0-913-g739538afd8 (webtiles) character file.

Game seed: 3501674854543178146

1616728 sleeves the Sorcerer (level 27, 171/171 HPs)
             Began as a Djinni Enchanter on Apr 7, 2024.
             Was the Champion of Hepliaklqana.
             Escaped with the Orb
             ... and 3 runes on Apr 8, 2024!
             The game lasted 03:26:11 (74900 turns).

sleeves the Sorcerer (Djinni Enchanter)            Turns: 74900, Time: 03:26:12

Health: 171/171    AC: 24    Str: 12    XL:     27
Gold:   6622       EV: 22    Int: 21    God:    Hepliaklqana [******] SH: 22 Dex: 23

rFire   + + +        Q - +9 quick blade (elec)
rCold   + . .        M - +2 shield of Resistance {rF++ rC++ Will++}
rNeg    + . .        D - quicksilver dragon scales
rPois   ∞            Y - +2 hood of the Assassin {Detect Stab+ Stlth++}
rElec   +            Z - +1 cloak {Will+}
rCorr   .            F - +2 pair of gloves "Qatreh" {Slay+3}
SInv    .            (boots unavailable)
Will    +++++        k - amulet "Ynain" {Reflect rElec rF- rN+ Will+ SH+5}
Stlth   +++          p - ring "Himejen" {rElec rF+ MP+9 Str+2 Slay+3}
HPRegen 0.48/turn    o - +5 ring of evasion

%: reflection
@: flying, studying 3 skills
A: reduced essence, sickness immunity, fire resistance 2, cold vulnerability 1,
float, innate caster, HP casting, extra vitality 1, iridescent scales 1, agile
1, MP-powered wands
0: Orb of Zot
}: 3/15 runes: barnacled, abyssal, gossamer
a: Renounce Religion, Recall Ancestor, Ancestor Identity, Transference, Idealise


You escaped.
You worshipped Hepliaklqana.
Hepliaklqana was exalted by your worship.
You visited 11 branches of the dungeon, and saw 50 of its levels.
You visited the Abyss 1 time.
You also visited: Trove, Sewer, Ossuary, Bailey and Gauntlet.

You collected 11172 gold pieces.
You spent 4550 gold pieces at shops.

Inventory:

Hand Weapons
 z - a +0 antimagic demon blade
   (You bought it in a shop on level 3 of the Depths)
 Q - a +9 quick blade of electrocution (weapon)
   (You acquired it on level 3 of the Lair of Beasts)
 T - a +0 dagger
   (You took it off a deep elf pyromancer on level 3 of the Elven Halls)
Missiles
 L - 19 curare-tipped darts
Armour
 D - quicksilver dragon scales (worn)
   (You found it in a Gauntlet)
 E - the +2 pair of gloves of Understanding {rC+}
   (You found it on level 4 of the Spider Nest)

   rC+:       It protects you from cold.
 F - the +2 pair of gloves "Qatreh" (worn) {Slay+3}
   (You found it on level 4 of the Spider Nest)

   Slay+3:    It affects your accuracy & damage with ranged weapons and melee
   (+3).
 M - the +2 shield of Resistance (worn) {rF++ rC++ Will++}
   (You found it in a bailey)

   rF++:      It greatly protects you from fire.
   rC++:      It greatly protects you from cold.
   Will++:    It greatly increases your willpower.
 N - the +2 pair of gloves of Lifelessness {Will++ Int+5 Dex-5}
   (You found it on level 4 of the Spider Nest)

   Int+5:     It affects your intelligence (+5).
   Dex-5:     It affects your dexterity (-5).
   Will++:    It greatly increases your willpower.
 Y - the +2 hood of the Assassin (worn) {Detect Stab+ Stlth++}
   (You found it on level 4 of the Spider Nest)

   Detect:    It allows the wearer to sense nearby creatures.
   Stab+:     It allows the wearer to make particularly effective stabbing
   attacks against helpless or unaware enemies with any weapon.
   Stlth++:   It makes you much more stealthy.
 Z - a +1 cloak of willpower (worn)
   (You found it on level 2 of the Lair of Beasts)
Jewellery
 i - the ring of Xom's Passing Interest {Will+ Str-4 Int+8}
   (You took it off a merfolk aquamancer on level 4 of the Shoals)

   [ring of willpower]

   Str-4:     It affects your strength (-4).
   Int+8:     It affects your intelligence (+8).
   Will+:     It increases your willpower.
 k - the amulet "Ynain" (around neck) {Reflect rElec rF- rN+ Will+ SH+5}
   (You found it in a treasure trove)

   [amulet of reflection]

   Reflect:   It reflects blocked missile attacks.
   rF-:       It makes you vulnerable to fire.
   rElec:     It insulates you from electricity.
   rN+:       It protects you from negative energy.
   Will+:     It increases your willpower.
   SH+5:      It affects your SH (+5).
 o - a +5 ring of evasion (right hand)
   (You found it in a treasure trove)
 p - the ring "Himejen" (left hand) {rElec rF+ MP+9 Str+2 Slay+3}
   (You found it on level 3 of the Realm of Zot)

   [ring of protection from fire]

   Str+2:     It affects your strength (+2).
   Slay+3:    It affects your accuracy & damage with ranged weapons and melee
   (+3).
   rF+:       It protects you from fire.
   rElec:     It insulates you from electricity.
   MP+9:      It affects your magic capacity (+9).
 G - the amulet of Beus {Acrobat rC+}
   (You found it in a treasure trove)

   [amulet of the acrobat]

   Acrobat:   It increases your evasion while moving and waiting.
   rC+:       It protects you from cold.
 K - a ring of resist corrosion
   (You found it in a treasure trove)
 V - a ring of see invisible
   (You found it on level 4 of the Spider Nest)
Wands
 a - a wand of acid (27)
   (You found it on level 2 of the Dungeon)
 H - a wand of warping (66)
   (You found it on level 13 of the Dungeon)
 J - a wand of digging (26)
   (You found it on level 7 of the Dungeon)
Scrolls
 e - 14 scrolls of vulnerability
 m - 7 scrolls of brand weapon
 r - 10 scrolls of silence
 u - 13 scrolls of teleportation
 w - 2 scrolls of enchant armour
 x - 3 scrolls of summoning
 y - 7 scrolls of poison
 A - 4 scrolls of fear
 B - 7 scrolls of enchant weapon
 C - 4 scrolls of torment
 R - 8 scrolls of revelation
 W - 8 scrolls of immolation
 X - 6 scrolls of fog
Potions
 b - a potion of cancellation
 c - 7 potions of invisibility
 d - 8 potions of haste
 g - 20 potions of curing
 h - 6 potions of brilliance
 l - 13 potions of enlightenment
 n - 7 potions of lignification
 q - 3 potions of might
 s - 2 potions of heal wounds
 t - 15 potions of mutation
 v - 10 potions of attraction
 I - 10 potions of ambrosia
 P - 5 potions of berserk rage
 U - 7 potions of resistance
Miscellaneous
 f - a phantom mirror
   (You found it on level 5 of the Lair of Beasts)
 j - a phial of floods
   (You found it on level 11 of the Dungeon)
 O - a tin of tremorstones (2/2)
   (You found it on level 10 of the Dungeon)


   Skills:
 - Level 15.0 Fighting
 - Level 14.0 Short Blades
 - Level 12.1 Armour
 - Level 12.4 Dodging
 - Level 20.0 Stealth
 - Level 16.0 Shields
 + Level 26.2 Spellcasting
 + Level 26.2 Conjurations
 + Level 26.2 Hexes
   Level 0.0 Charms
 + Level 26.2 Summonings
 + Level 26.2 Necromancy
 + Level 26.2 Translocations
   Level 0.0 Transmutations
 + Level 26.2 Fire Magic
 + Level 26.2 Ice Magic
 + Level 26.2 Air Magic
 + Level 26.2 Earth Magic
 + Level 26.2 Alchemy
 - Level 10.0 Invocations


You knew the following spells:

 Your Spells              Type           Power      Damage    Failure   Level
a - Ensorcelled Hibernat  Hex/Ice        100%       N/A       0%          2
b - Confusing Touch       Hex            95%        N/A       0%          3
c - Tukima's Dance        Hex            95%        N/A       0%          3
d - Dazzling Flash        Conj/Hex       100%       N/A       0%          3
e - Sandblast             Erth           100%       2d20      0%          1
f - Scorch                Fire           100%       2d9       0%          2
g - Blink                 Tloc           100%       N/A       0%          2
h - Call Canine Familiar  Summ           95%        N/A       0%          3
i - Passage of Golubria   Tloc           95%        N/A       0%          4
j - Summon Mana Viper     Hex/Summ       95%        N/A       0%          5
k - Death's Door          Necr           47%        N/A       9%          9
l - Death Channel         Necr           47%        N/A       0%          6
m - Haunt                 Necr/Summ      47%        N/A       1%          7
n - Lehudib's Crystal Sp  Conj/Erth      47%        10d11     1%          8
o - Enfeeble              Hex            47%        N/A       1%          7
p - Conjure Ball Lightni  Conj/Air       47%        3x3d16    0%          6
q - Chain Lightning       Conj/Air       47%        3d63      9%          9
Your spell library was empty.

Dungeon Overview and Level Annotations

Branches:
Dungeon (15/15)            Temple (1/1) D:6            Lair (5/5) D:11
 Shoals (4/4) Lair:2       Spider (4/4) Lair:3        Slime (0/5) Lair:5
    Orc (2/2) D:11            Elf (3/3) Orc:2        Vaults (4/5) D:13
  Crypt (3/3) Vaults:3       Tomb (0/3) Crypt:3      Depths (4/4) D:15
    Zot (5/5) Depths:4      Sewer (visited)         Ossuary (visited)
 Bailey (visited)         Gauntlet (visited)

Altars:
Ashenzari
Cheibriados
Dithmenos
Elyvilon
Fedhas
Gozag
Hepliaklqana
Makhleb
Nemelex Xobeh
Okawaru
Qazlal
Ru
Trog
Uskayaw
Wu Jian
Xom
Yredelemnul
Zin
The Shining One
Jiyva
Lugonu

Shops:
D:1 ?   D:4 *   D:11 (   D:12 (!   Orc:2 !*?[(![!*   Shoals:1 *:!:*
Shoals:2 =!*   Shoals:3 **   Vaults:2 *   Vaults:4 ?   Depths:1 =:=
Depths:2 *[*(   Depths:3 *(*(*

Portals:
Hell: Depths:1 Depths:2 Depths:3 Depths:4
Abyss: Depths:1 Depths:3 Depths:4
Pandemonium: Depths:2
Ziggurat: Depths:3

Annotations:
D:4 1 runed translucent door, Heh's ghost, amateur CoAl
D:13 3 runed translucent doors, jkt's ghost, journeyman SpEn
Lair:3 exclusion: oklob plant
Elf:2 exclusion: door
Elf:3 2 exclusions
Depths:2 2 transporters, Vegox's ghost, adept MiHs


Innate Abilities, Weirdness & Mutations

Your life essence is reduced to manifest your ancestor. (-10% HP)
You are immune to sickness and miasma.
You are immune to poison.
Your flesh is very heat resistant. (rF++)
You are vulnerable to cold. (rC-)
You float through the air rather than walking.
You learn spells naturally, not from books.
Your magical power is your life essence.
You have superior vitality. (+4 MHP)
You are partially covered in iridescent scales. (AC +2)
You are agile. (Dex +4, Str/Int -1)
You expend health (3 HP) to strengthen your wands.


Message History

You catch the helpless green draconian monk completely off-guard!
You spit the green draconian monk like a pig!!!
Lightning courses through the green draconian monk!
You kill the green draconian monk!
Things that are here:
a +0 cloak; a green draconian skeleton You see here a +11 heavy club.
No target in view!
A black draconian knight is nearby!
A black draconian knight is nearby!
Found a potion of resistance.
Ozacwov mumbles some strange words.
Ozacwov seems to speed up.
The black draconian knight mumbles some strange words.
The black draconian knight flickers and vanishes!
Deactivating autopickup; reactivate with Ctrl-A.
You see here 7 stones.
You can't see any susceptible monsters within range! (Use Z to cast anyway.) No target in view!
You're wearing all the rings you can.
Remove which one? (? for menu, Esc to cancel) < or
p - the ring "Himejen" {rElec rF+ MP+9 Str+2 Slay+3} > or
o - a +5 ring of evasion You remove your +5 ring of evasion.
Reactivating autopickup.
V - a ring of see invisible (right hand)
The black draconian knight is enfeebled!
Ozacwov gestures wildly while chanting.
The black draconian knight appears confused.
The black draconian knight is lost in a daze.
The black draconian knight is lost in a daze.
Ozacwov hits the black draconian knight with a +0 antimagic quick blade!
The black draconian knight's magic leaks into the air.
Ozacwov hits the black draconian knight with a +0 antimagic quick blade!
The black draconian knight's magic leaks into the air.
Ozacwov mumbles some strange words.
The black draconian knight appears confused.
The black draconian knight is lost in a daze.
You strike the helpless black draconian knight from behind!
You stick the black draconian knight like a pincushion!!!
You hit the black draconian knight but do no damage.
The black draconian knight is almost dead.
Ozacwov hits the black draconian knight but does no damage. x3
Ozacwov hits the black draconian knight with a +0 antimagic quick blade.
The black draconian knight's magic leaks into the air.
You hit the black draconian knight but do no damage. x2
The black draconian knight is almost dead.
Ozacwov casts a spell at the black draconian knight.
The black draconian knight resists with significant effort.
The black draconian knight is lost in a daze.
Ozacwov hits the black draconian knight but does no damage.
Ozacwov hits the black draconian knight with a +0 antimagic quick blade.
You catch the helpless black draconian knight completely off-guard!
You skewer the black draconian knight like a kebab!!!
You kill the black draconian knight!
You're wearing all the rings you can.
Remove which one? (? for menu, Esc to cancel) < or
p - the ring "Himejen" {rElec rF+ MP+9 Str+2 Slay+3} > or
V - a ring of see invisible You remove your ring of see invisible.
o - a +5 ring of evasion (right hand)
You now have 6622 gold pieces (gained 15).
Things that are here:
a +2 great mace of venom; a +0 cloak You swap places.
H - a wand of warping (66) (gained 8 charges)
You swap places.
Found a short sword.
U - 7 potions of resistance (gained 1) Ozacwov is no longer moving quickly.
A tentacled monstrosity comes into view.
The tentacled monstrosity partially resists.
The tentacled monstrosity is enfeebled!
Ozacwov casts a spell.
The tentacled monstrosity resists with almost no effort.
You block the tentacled monstrosity's attack.
The tentacled monstrosity tentacle-slaps you but does no damage.
You block the tentacled monstrosity's attack.
The tentacled monstrosity barely misses you.
Ozacwov gestures wildly while chanting.
Ozacwov seems to speed up.
You impale the tentacled monstrosity!!
You hit the tentacled monstrosity but do no damage.
The tentacled monstrosity is lightly wounded.
Ozacwov mumbles some strange words.
The tentacled monstrosity resists with almost no effort.
The tentacled monstrosity tentacle-slaps you but does no damage. x2
You block the tentacled monstrosity's attack.
The tentacled monstrosity closely misses you.
You puncture the tentacled monstrosity! x2
The tentacled monstrosity is moderately wounded.
You puncture the tentacled monstrosity! x2
The tentacled monstrosity is heavily wounded.
You block the tentacled monstrosity's attack. x3
Ozacwov hits the tentacled monstrosity with a +0 antimagic quick blade!
Ozacwov hits the tentacled monstrosity with a +0 antimagic quick blade.
You catch the helpless tentacled monstrosity completely off-guard!
You spit the tentacled monstrosity like a pig!!!!
You kill the tentacled monstrosity!
No target in view!
No target in view!
An Orb Guardian comes into view.
An Orb Guardian is nearby!
An Orb Guardian is nearby!
The Orb Guardian partially resists.
The Orb Guardian is enfeebled!
Ozacwov is no longer moving quickly.
An Orb Guardian comes into view.
You hear a loud "Zot"!
Ozacwov hits the Orb Guardian with a +0 antimagic quick blade. x2
You puncture the Orb Guardian!
Lightning courses through the Orb Guardian!
You hit the Orb Guardian but do no damage.
Lightning courses through the Orb Guardian!
The Orb Guardian is heavily wounded.
Ozacwov mumbles some strange words.
Ozacwov seems to speed up.
You block the Orb Guardian's attack.
You hit the Orb Guardian but do no damage.
Lightning courses through the Orb Guardian!
You hit the Orb Guardian but do no damage.
Lightning courses through the Orb Guardian!
The Orb Guardian is almost dead.
Ozacwov hits the Orb Guardian with a +0 antimagic quick blade.
Ozacwov misses the Orb Guardian.
You closely miss the Orb Guardian. You barely miss the Orb Guardian.
The Orb Guardian is almost dead.
The Orb Guardian hits you!
Ozacwov misses the Orb Guardian.
Ozacwov hits the Orb Guardian with a +0 antimagic quick blade!
The Orb Guardian dies!
Ozacwov avoids your attack.
The Orb Guardian partially resists.
The Orb Guardian is enfeebled!
Ozacwov hits the Orb Guardian with a +0 antimagic quick blade.
Ozacwov hits the Orb Guardian but does no damage.
The Orb Guardian hits Ozacwov!!
Ozacwov hits the Orb Guardian with a +0 antimagic quick blade!!
Ozacwov hits the Orb Guardian with a +0 antimagic quick blade.
You swap places.
The Orb Guardian hits you but does no damage.
Ozacwov hits the Orb Guardian but does no damage.
Ozacwov hits the Orb Guardian with a +0 antimagic quick blade!
You catch the helpless Orb Guardian completely off-guard!
You spit the Orb Guardian like a pig!!!
You kill the Orb Guardian!
No target in view!
No target in view!
An Orb Guardian comes into view. x2
There are monsters nearby!
Ozacwov avoids your attack.
The Orb Guardian is enfeebled!
The Orb Guardian is lost in a daze.
Found the Orb of Zot.
The Orb Guardian is lost in a daze.
The Orb Guardian is enfeebled!
The Orb Guardian hits Ozacwov!
Ozacwov hits the Orb Guardian with a +0 antimagic quick blade!
Ozacwov hits the Orb Guardian with a +0 antimagic quick blade.
The Orb Guardian is lost in a daze.
The Orb Guardian is lost in a daze.
Ozacwov hits the Orb Guardian with a +0 antimagic quick blade!
Ozacwov completely misses the Orb Guardian.
You block the Orb Guardian's attack.
You closely miss the Orb Guardian. You puncture the Orb Guardian!
The Orb Guardian is lightly wounded.
Ozacwov misses the Orb Guardian.
Ozacwov hits the Orb Guardian but does no damage.
The Orb Guardian disappears!
You puncture the Orb Guardian!
Lightning courses through the Orb Guardian!
You puncture the Orb Guardian!
The Orb Guardian is heavily wounded.
The Orb Guardian hits Ozacwov.
Ozacwov gestures at the Orb Guardian while chanting.
The Orb Guardian resists with almost no effort.
The Orb Guardian is lost in a daze.
You puncture the Orb Guardian!
You hit the Orb Guardian but do no damage.
The Orb Guardian is severely wounded.
The Orb Guardian hits Ozacwov!!
Ozacwov hits the Orb Guardian with a +0 antimagic quick blade.
Ozacwov hits the Orb Guardian but does no damage.
You hit the Orb Guardian but do no damage.
You catch the helpless Orb Guardian completely off-guard!
You spit the Orb Guardian like a pig!!!!
You kill the Orb Guardian!
Ozacwov hits the Orb Guardian with a +0 antimagic quick blade!
Ozacwov hits the Orb Guardian with a +0 antimagic quick blade.
Ozacwov hits the Orb Guardian with a +0 antimagic quick blade.
Ozacwov completely misses the Orb Guardian.
Ozacwov hits the Orb Guardian but does no damage.
Ozacwov hits the Orb Guardian with a +0 antimagic quick blade!
Ozacwov hits the Orb Guardian but does no damage.
Ozacwov misses the Orb Guardian.
The Orb Guardian is lost in a daze.
The Orb Guardian is no longer dazed.
The Orb Guardian is no longer blind.
The Orb Guardian is no longer weakened.
Ozacwov hits the Orb Guardian with a +0 antimagic quick blade!!
Ozacwov hits the Orb Guardian with a +0 antimagic quick blade.
Ozacwov closely misses the Orb Guardian.
Ozacwov completely misses the Orb Guardian.
The Orb Guardian hits Ozacwov!!!
Ozacwov hits the Orb Guardian with a +0 antimagic quick blade! x2
The Orb Guardian dies!
An Orb Guardian comes into view.
Your Spellcasting skill increases to level 26!
Your Conjurations skill increases to level 26!
Your Hexes skill increases to level 26!
Your Summonings skill increases to level 26!
Your Necromancy skill increases to level 26!
Your Translocations skill increases to level 26!
Your Fire Magic skill increases to level 26!
Your Ice Magic skill increases to level 26!
Your Air Magic skill increases to level 26!
Your Earth Magic skill increases to level 26!
Your Alchemy skill increases to level 26!
Ozacwov hits the Orb Guardian with a +0 antimagic quick blade!
Ozacwov hits the Orb Guardian but does no damage.
The Orb Guardian disappears!
No target in view!
No target in view!
Ozacwov is no longer moving quickly.
Found a scroll of identify.
An Orb Guardian is nearby!
An Orb Guardian is nearby!
The Orb Guardian partially resists.
The Orb Guardian is enfeebled!
Ozacwov casts a spell.
The Orb Guardian resists with almost no effort.
The Orb Guardian is enfeebled!
You strike the helpless Orb Guardian from behind!
You skewer the Orb Guardian like a kebab!!!
You puncture the Orb Guardian!
The Orb Guardian is almost dead.
Ozacwov hits the Orb Guardian with a +0 antimagic quick blade!
The Orb Guardian dies!
No target in view!
No target in view!
The electric golem enters a dispersal trap!
Ozacwov blinks!
You blink.
An electric golem is nearby!
An electric golem is nearby!
The electric golem blinks!
You can't see any susceptible monsters within range! (Use Z to cast anyway.) No target in view!
An Orb Guardian comes into view.
An Orb Guardian is nearby!
The Orb Guardian partially resists.
The Orb Guardian is enfeebled!
Ozacwov casts a spell at the Orb Guardian.
The Orb Guardian resists with almost no effort.
Casting: Enfeeble (mildly dangerous; 1% risk of failure)
Confirm with . or Enter, or press ? or * to list all spells.
Aiming: Lehudib's Crystal Spear (mildly dangerous; 1% risk of failure)
Press: ? - help, Shift-Dir - straight line, f/p - Orb Guardian
Aim: an Orb Guardian (weak, ally target, 75% to hit)
The crystal spear hits the Orb Guardian!!!
The Orb Guardian is almost dead.
The electric golem blinks!
Casting: Lehudib's Crystal Spear (mildly dangerous; 1% risk of failure)
Confirm with . or Enter, or press ? or * to list all spells.
Aiming: Lehudib's Crystal Spear (mildly dangerous; 1% risk of failure)
Press: ? - help, Shift-Dir - straight line, f/p - Orb Guardian
Aim: an Orb Guardian (almost dead, weak, ally target, 75% to hit)
Ozacwov avoids your attack.
The crystal spear hits the Orb Guardian!!!
You kill the Orb Guardian!
An electric golem is nearby!
An electric golem is nearby!
No reachable target in view!
Ozacwov avoids your attack.
The electric golem partially resists.
The electric golem is enfeebled!
The electric golem falters for a moment.
No reachable target in view!
The electric golem falters for a moment.
Ozacwov hits the electric golem with a +0 antimagic quick blade!
The electric golem's magic leaks into the air.
Ozacwov hits the electric golem with a +0 antimagic quick blade.
The electric golem's magic leaks into the air.
Ozacwov misses the electric golem.
Ozacwov hits the electric golem with a +0 antimagic quick blade!
The electric golem's magic leaks into the air.
Casting: Enfeeble (mildly dangerous; 1% risk of failure)
Confirm with . or Enter, or press ? or * to list all spells.
You can't see any susceptible monsters within range! (Use Z to cast anyway.) Unknown command.
Ozacwov hits the electric golem with a +0 antimagic quick blade.
Ozacwov hits the electric golem with a +0 antimagic quick blade!
The electric golem's magic leaks into the air.
Ozacwov hits the electric golem with a +0 antimagic quick blade.
The electric golem's magic leaks into the air.
Ozacwov hits the electric golem with a +0 antimagic quick blade!
The electric golem's magic leaks into the air.
Casting: Enfeeble (mildly dangerous; 1% risk of failure)
Confirm with . or Enter, or press ? or * to list all spells.
Aiming: Lehudib's Crystal Spear (mildly dangerous; 1% risk of failure)
Press: ? - help, Shift-Dir - straight line, f/p - electric golem
Aim: an electric golem (heavily damaged, weak, ally target, magic disrupted, 59% to hit)
You miscast Lehudib's Crystal Spear.
You are very lightly contaminated with residual magic.
Nothing appears to happen.
Casting: Lehudib's Crystal Spear (mildly dangerous; 1% risk of failure)
Confirm with . or Enter, or press ? or * to list all spells.
Aiming: Lehudib's Crystal Spear (mildly dangerous; 1% risk of failure)
Press: ? - help, Shift-Dir - straight line, f/p - electric golem
Aim: an electric golem (heavily damaged, weak, ally target, magic disrupted, 59% to hit)
The crystal spear misses the electric golem.
Ozacwov avoids your attack.
You block the electric golem's attack. x3
The electric golem barely misses you.
The electric golem hits you but does no damage.
The electric golem barely misses you.
The electric golem hits you but does no damage.
The electric golem misses you.
Casting: Lehudib's Crystal Spear (mildly dangerous; 1% risk of failure)
Confirm with . or Enter, or press ? or * to list all spells.
Aiming: Lehudib's Crystal Spear (mildly dangerous; 1% risk of failure)
Press: ? - help, Shift-Dir - straight line, f/p - electric golem
Aim: an electric golem (heavily damaged, weak, ally target, magic disrupted, 59% to hit)
The crystal spear hits the electric golem!!!
The electric golem is almost destroyed.
The electric golem crackles and sizzles.
The electric golem falters for a moment.
Ozacwov completely misses the electric golem.
Ozacwov hits the electric golem with a +0 antimagic quick blade.
The electric golem's magic leaks into the air.
Ozacwov hits the electric golem with a +0 antimagic quick blade!
The electric golem is destroyed!
You start resting.
Your magical contamination has completely faded away.
You start resting.
HP restored.
A - 4 scrolls of fear (gained 1)
Found a leather armour.
The obsidian statue's eyes glow briefly.
Ozacwov mumbles some strange words.
Ozacwov seems to speed up.
The obsidian statue's eyes glow briefly.
The iron imp shouts, "Away with thee, thou unhinged mumble-news baggage!"
You hear a loud "Zot"!
The power of Zot is invoked against you!
Your willpower is stripped away!
The obsidian statue's eyes glow briefly.
The red devil closely misses you.
Casting: Lehudib's Crystal Spear (mildly dangerous; 1% risk of failure)
Confirm with . or Enter, or press ? or * to list all spells.
Aiming: Lehudib's Crystal Spear (mildly dangerous; 1% risk of failure)
Press: ? - help, Shift-Dir - straight line, f - obsidian statue
Aim: an obsidian statue (ally target, 100% to hit)
The crystal spear hits the obsidian statue!!!
The obsidian statue is almost destroyed.
The obsidian statue's eyes glow briefly.
You block the red devil's attack.
Ozacwov hits the obsidian statue but does no damage.
Ozacwov completely misses the obsidian statue.
Ozacwov hits the obsidian statue with a +0 antimagic quick blade.
The obsidian statue is destroyed!
The iron imp disappears in a puff of smoke!
The crimson imp disappears in a puff of smoke!
The red devil disappears in a puff of smoke!
The chaos spawn degenerates into a cloud of primal chaos!
The orange demon disappears in a puff of smoke!
You feel your willpower return.
Ozacwov is no longer moving quickly.
Done exploring.
Done exploring.
Done exploring.
You see here the Orb of Zot.
You pick up the Orb of Zot!
The Orb lets out an ear-shattering shriek!
The lords of Pandemonium are not amused.
Beware!
Now all you have to do is get back out of the dungeon!
You hear a shout!
An ice devil comes into view.
You feel yourself speed up.
Ozacwov mumbles some strange words.
Ozacwov seems to speed up.
Ozacwov gestures at the ice devil while chanting.
The ice devil resists with almost no effort.
The ice devil hits Ozacwov.
The ice devil freezes Ozacwov.
Ozacwov resists.
Ozacwov gestures wildly while chanting.
The ice devil resists with almost no effort.
Ozacwov gestures wildly while chanting.
The ice devil resists with almost no effort.
Ozacwov hits the ice devil with a +0 antimagic quick blade! x2
Ozacwov hits the ice devil but does no damage. x2
Ozacwov gestures wildly while chanting.
The ice devil appears confused.
An ancient lich comes into view.
A profane servitor comes into view.
It is wielding a +3 demon whip of venom.
Casting: Lehudib's Crystal Spear (mildly dangerous; 1% risk of failure)
Confirm with . or Enter, or press ? or * to list all spells.
Aiming: Passage of Golubria (safe; 0% risk of failure)
Press: ? - help, Dir - move target The ancient lich mumbles some strange words.
The ancient lich seems to speed up.
You see here 7 stones.
You enter the passage of Golubria.
There is a passage of Golubria here.
The ancient lich enters a dispersal trap!
You blink.
The ancient lich blinks!
The profane servitor hits you with a +3 demon whip of venom!
You block the profane servitor's attack.
You block the profane servitor's attack. x2
The profane servitor closely misses you.
You block the profane servitor's attack.
This passage doesn't lead anywhere!
There is a passage of Golubria here.
Things that are here:
a +0 cloak; a green draconian skeleton The profane servitor attacks as it pursues you!
The profane servitor hits you with a +3 demon whip of venom.
You block the profane servitor's attack.
The ancient lich gestures wildly while chanting.
The ancient lich flickers and vanishes!
Deactivating autopickup; reactivate with Ctrl-A.
The profane servitor attacks as it pursues you!
The profane servitor hits you with a +3 demon whip of venom!!
The profane servitor hits you with a +3 demon whip of venom.
Casting: Passage of Golubria (safe; 0% risk of failure)
Confirm with . or Enter, or press ? or * to list all spells.
Aiming: Passage of Golubria (safe; 0% risk of failure)
Press: ? - help, Dir - move target You block the profane servitor's attack. x2
Ozacwov hits the profane servitor with a +0 antimagic quick blade! x2
You enter the passage of Golubria.
There is a passage of Golubria here.
Casting: Passage of Golubria (safe; 0% risk of failure)
Confirm with . or Enter, or press ? or * to list all spells.
Aiming: Passage of Golubria (safe; 0% risk of failure)
Press: ? - help, Dir - move target You enter the passage of Golubria.
You hear a snapping sound.
There is an open door, spattered with blood here.
Things that are here:
a +11 club of electrocution; a Killer Klown skeleton Your extra speed is starting to run out.
There is a stone staircase leading up here.
You fly upwards.
Reactivating autopickup.
There is a stone staircase leading down, spattered with blood here.
You feel yourself slow down.
You sense a monster nearby.
Things that are here:
a +0 hand axe; a white draconian skeleton You see here a +0 mace.
Items here: ))) [[[.
Items here: )) [ ÷.
There is a stone staircase leading up here.
You fly upwards.
There is a stone staircase leading down here.
Ozacwov is recalled.
You swap places.
A neqoxec comes into view.
The neqoxec moves out of view.
A neqoxec is nearby!
There is a fountain of clear blue water here.
There is a stone staircase leading up here.
You fly upwards.
There is a stone staircase leading down here.
There is an open door here.
Things that are here:
a +0 halberd; a green draconian skeleton
Things that are here:
a +0 cloak; a +0 rapier HP restored.
Things that are here:
a +0 cloak; a green draconian skeleton You sense a monster nearby.
A red devil comes into view. It is wielding a +0 trident.
The red devil moves out of view.
Things that are here:
a +0 scimitar; a green draconian skeleton
There is an open gate, spattered with blood here.
A red devil is nearby!
Ozacwov hits the red devil with a +0 antimagic quick blade.
Ozacwov hits the red devil but does no damage. x2
Ozacwov hits the red devil with a +0 antimagic quick blade.
The red devil hits Ozacwov with a +0 trident!
Ozacwov gestures wildly while chanting.
The red devil resists with almost no effort.
The red devil hits Ozacwov with a +0 trident!
Ozacwov hits the red devil with a +0 antimagic quick blade!
Ozacwov hits the red devil with a +0 antimagic quick blade!!
The red devil dies!
There is an open gate here.
Things that are here:
a +0 cloak; a +4 battleaxe of electrocution Ancestor HP restored.
An Orb Guardian comes into view.
Ozacwov gestures wildly while chanting.
Ozacwov seems to speed up.
Ozacwov gestures wildly while chanting.
The Orb Guardian resists with some effort.
You block the Orb Guardian's attack.
You hit the Orb Guardian.
Lightning courses through the Orb Guardian!
You hit the Orb Guardian.
The Orb Guardian is moderately wounded.
You block the Orb Guardian's attack.
You puncture the Orb Guardian! You completely miss the Orb Guardian.
The Orb Guardian is heavily wounded.
You closely miss the Orb Guardian. x2
The Orb Guardian is heavily wounded.
Ozacwov gestures wildly while chanting.
The Orb Guardian appears confused.
Ozacwov gestures at the Orb Guardian while chanting.
The Orb Guardian resists with almost no effort.
The Orb Guardian misses you.
Ozacwov hits the Orb Guardian with a +0 antimagic quick blade!!
Ozacwov hits the Orb Guardian with a +0 antimagic quick blade!
There is a stone staircase leading up here.
You puncture the Orb Guardian! x2
You kill the Orb Guardian!
You fly upwards.
A large abomination comes into view.
There is a stone staircase leading down here.
A large abomination is nearby!
You can't go up here!
You hit the large abomination.
You hit the large abomination but do no damage.
The large abomination is lightly damaged.
Ozacwov hits the large abomination but does no damage. x2
Ozacwov closely misses the large abomination.
Ozacwov hits the large abomination with a +0 antimagic quick blade!
You hit the large abomination but do no damage. x2
Lightning courses through the large abomination!
The large abomination is heavily damaged.
Ozacwov hits the large abomination with a +0 antimagic quick blade.
Ozacwov hits the large abomination but does no damage.
The large abomination closely misses Ozacwov.
Ozacwov hits the large abomination with a +0 antimagic quick blade!
Ozacwov barely misses the large abomination.
You puncture the large abomination! x2
You destroy the large abomination!
No target in view!
No target in view!
Things that are here:
a +0 halberd; a +0 dire flail
There is a gate leading back out of this place here.
You fly up through the gate.
Welcome back to the Depths!
There is a gate to the Realm of Zot, spattered with blood here.
Things that are here:
a +0 cloak; a +0 glaive; a +0 whip
There is a large open door, spattered with blood here.
You see here a quicksilver dragon skeleton.
A hell beast comes into view.
There is a huge open gate, spattered with blood here.
Things that are here:
a +0 cloak; a +3 war axe of freezing The hell beast is enfeebled!
Ozacwov casts a spell at the hell beast.
The hell beast suddenly stops moving!
Ozacwov mumbles some strange words.
The hell beast appears confused.
Ozacwov casts a spell at the hell beast.
There is a huge open gate, spattered with blood here.
There is a large open door, spattered with blood here.
The helpless hell beast fails to defend itself.
You perforate the hell beast like a sieve!!!!!
You kill the hell beast!
No target in view!
You see here a +0 war axe.
There is a large open door here.
There is a large open door, spattered with blood here.
You see here a +0 dire flail.
HP restored.
There is a large open door here.
There is a large open door here.
Ozacwov is no longer moving quickly.
There is a huge open gate here. 2 hell hogs come into view.
The hell hog squeals angrily.
Ozacwov gestures wildly while chanting.
The hell hog appears confused.
The hell hog bites something!
You hear an angry squeal.
There is a huge open gate here.
There is a huge open gate, spattered with blood here.
Things that are here:
a +0 plate armour; a +1 glaive of venom You see here a +0 leather armour.
There is a huge open gate here.
There is a large open door here.
A Nuses Rorgh, a chaos spawn, a Hell Sentinel and a large abomination come into view.
Blink to where?
Press: ? - help, Dir - move target
As you read the scroll of blinking, it crumbles to dust.
Nuses Rorgh moves out of view.
The large abomination moves out of view.
You fly upwards.
There is a stone staircase leading down here.
Ozacwov is recalled.
You swap places.
HP restored.
You see here a +0 buckler.
Things that are here:
a +0 robe; a +0 dagger
There is a stone staircase leading up, spattered with blood here.
You fly upwards.
Level annotation: 2 transporters, Vegox's ghost, adept MiHs
There is a stone staircase leading down here.
An Orb Guardian comes into view.
You can't go up here!
Ozacwov hits the Orb Guardian with a +0 antimagic quick blade!!
Ozacwov hits the Orb Guardian with a +0 antimagic quick blade!
You block the Orb Guardian's attack.
Ozacwov casts a spell at the Orb Guardian.
The Orb Guardian resists with almost no effort.
The Orb Guardian hits you!
You hit the Orb Guardian. You puncture the Orb Guardian!
The Orb Guardian is heavily wounded.
The Orb Guardian hits you but does no damage.
You hit the Orb Guardian. x2
Lightning courses through the Orb Guardian!!
The Orb Guardian is almost dead.
Ozacwov completely misses the Orb Guardian.
Ozacwov hits the Orb Guardian with a +0 antimagic quick blade!
Ozacwov mumbles some strange words.
The Orb Guardian resists with almost no effort.
An efreet comes into view.
It is wielding a +4 scimitar of flaming.
You catch the helpless Orb Guardian completely off-guard!
You skewer the Orb Guardian like a kebab!!!
You kill the Orb Guardian!
The efreet gestures at you.
The fireball explodes!
The fireball engulfs you but does no damage.
Ozacwov hits the efreet with a +0 antimagic quick blade!
The efreet's magic leaks into the air.
Ozacwov hits the efreet with a +0 antimagic quick blade!
The efreet's magic leaks into the air.
Ozacwov casts a spell.
Ozacwov seems to speed up.
There is a stone staircase leading up here.
Ozacwov mumbles some strange words.
The efreet appears confused.
Ozacwov casts a spell.
The efreet appears confused.
You fly upwards.
There is a stone staircase leading down here.
Ozacwov is recalled.
There is a staircase back to the Dungeon here.
You fly upwards.
Welcome back to the Dungeon!
There is a staircase to the Depths, spattered with blood here.
You see here 5 large rocks.
There is an open door here.
There is an open door here.
A glowing orange brain comes into view.
Ozacwov gestures wildly while chanting.
The glowing orange brain resists with almost no effort.
Ozacwov casts a spell.
Ozacwov seems to speed up.
Ozacwov mumbles some strange words.
The glowing orange brain resists with some effort.
The glowing orange brain pulsates.
Something gnaws heavily on your mind!
There is a stone staircase leading up here.
Ozacwov gestures at the glowing orange brain while chanting.
The glowing orange brain resists with almost no effort.
You fly upwards.
There is a stone staircase leading down here.
Ozacwov is recalled.
You swap places.
There is a stone staircase leading up here.
You fly upwards.
Level annotation: 3 runed translucent doors, jkt's ghost, journeyman SpEn
There is a stone staircase leading down here.
HP restored.
There is an open door here.
You sense a monster nearby.
There is a stone staircase leading up here.
You fly upwards.
There is a stone staircase leading down here.
You see here 6 stones.
There is an open door here.
There is a stone staircase leading up here.
You fly upwards.
There is a stone staircase leading down here.
You swap places.
You see here a yak skeleton.
There is a stone staircase leading up here.
You fly upwards.
There is a stone staircase leading down here.
An Orb Guardian comes into view.
The Orb Guardian is enfeebled!
The Orb Guardian is lost in a daze.
Ozacwov mumbles some strange words.
The Orb Guardian resists with almost no effort.
The Orb Guardian is lost in a daze.
The Orb Guardian hits you but does no damage.
You catch the helpless Orb Guardian completely off-guard!
You skewer the Orb Guardian like a kebab!!!
Lightning courses through the Orb Guardian!!
You puncture the Orb Guardian!
You kill the Orb Guardian!
No target in view!
No target in view!
Things that are here:
+0 steam dragon scales; a steam dragon skeleton You see here 5 stones.
HP restored.
There is a stone staircase leading up here.
You fly upwards.
There is a stone staircase leading down here.
An Orb Guardian comes into view.
The Orb Guardian is enfeebled!
Ozacwov gestures wildly while chanting.
The Orb Guardian resists with almost no effort.
You hit the Orb Guardian but do no damage.
You hit the Orb Guardian.
The Orb Guardian is lightly wounded.
The Orb Guardian closely misses you.
Ozacwov hits the Orb Guardian but does no damage. x2
You catch the helpless Orb Guardian completely off-guard!
You stick the Orb Guardian like a pincushion!!!
Lightning courses through the Orb Guardian!
You closely miss the Orb Guardian.
The Orb Guardian is severely wounded.
You block the Orb Guardian's attack.
Ozacwov casts a spell.
The Orb Guardian resists with almost no effort.
You barely miss the Orb Guardian.
You catch the helpless Orb Guardian completely off-guard!
You perforate the Orb Guardian like a sieve!!!
You kill the Orb Guardian!
There is a stone staircase leading up here.
You fly upwards.
HP restored.
There is a stone staircase leading down here.
A rakshasa and a white imp come into view.
The white imp is enfeebled!
Ozacwov gestures at the white imp while chanting.
The white imp suddenly stops moving!
Ozacwov mumbles some strange words.
Ozacwov seems to speed up.
The rakshasa gestures at you.
You block the lance of force... and reflect it back!
The lance of force misses the rakshasa.
There is an open door here.
The white imp is enfeebled!
The rakshasa weaves an illusion.
The white imp shimmers and seems to become two!
The helpless white imp fails to defend itself.
You stick the white imp like a pincushion!!!!!
Lightning courses through the white imp!
You kill the white imp!
The white imp shimmers and vanishes!
The rakshasa weaves an illusion.
The white imp shimmers and seems to become two!
Items here: )) [ ÷.
The helpless white imp fails to defend itself.
You perforate the white imp like a sieve!!!!!
You kill the white imp!
The white imp shimmers and vanishes!
The rakshasa barely misses you.
The helpless white imp fails to defend itself.
You spit the white imp like a pig!!!!!
You kill the white imp!
Ozacwov points at the rakshasa and mumbles some strange words.
The rakshasa resists with almost no effort.
You hit the rakshasa but do no damage. You puncture the rakshasa!
The rakshasa is lightly wounded.
Ozacwov hits the rakshasa with a +0 antimagic quick blade!
The rakshasa's magic leaks into the air.
Ozacwov hits the rakshasa with a +0 antimagic quick blade!
The rakshasa's magic leaks into the air.
You block the rakshasa's attack.
Ozacwov gestures at the rakshasa while chanting.
The rakshasa resists with almost no effort.
The rakshasa is enfeebled!
Ozacwov hits the rakshasa with a +0 antimagic quick blade!
The rakshasa's magic leaks into the air.
Ozacwov barely misses the rakshasa.
The injured rakshasa weaves a defensive illusion!
Ozacwov hits the rakshasa with a +0 antimagic quick blade.
The rakshasa's magic leaks into the air.
Ozacwov hits the rakshasa but does no damage.
You catch the helpless rakshasa completely off-guard!
You stick the rakshasa like a pincushion!!!
You kill the rakshasa!
The rakshasa shimmers and vanishes!
Ozacwov gestures wildly while chanting.
The rakshasa resists with almost no effort. x2
You puncture the rakshasa! Lightning courses through the rakshasa!
You kill the rakshasa!
The rakshasa shimmers and vanishes!
Ozacwov hits the rakshasa with a +0 antimagic quick blade.
The rakshasa's magic leaks into the air.
Ozacwov hits the rakshasa with a +0 antimagic quick blade!
The rakshasa's magic leaks into the air.
Ozacwov hits the rakshasa with a +0 antimagic quick blade.
Ozacwov hits the rakshasa but does no damage.
Things that are here:
a +0 dagger; an orc skeleton You swap places.
Ozacwov barely misses the rakshasa.
Ozacwov hits the rakshasa but does no damage.
You block the rakshasa's attack.
Ozacwov hits the rakshasa but does no damage.
Ozacwov hits the rakshasa with a +0 antimagic quick blade!
The rakshasa's magic leaks into the air.
Things that are here:
a +0 robe; a +0 dagger You catch the helpless rakshasa completely off-guard!
You skewer the rakshasa like a kebab!!!!
Lightning courses through the rakshasa!
You kill the rakshasa!
There is an open door here.
There is a stone staircase leading up here.
You fly upwards.
There is a stone staircase leading down here.
HP restored.
Ozacwov is no longer moving quickly.
A profane servitor comes into view. It is wielding a +2 whip.
The profane servitor partially resists.
The profane servitor is enfeebled!
You puncture the profane servitor!
You hit the profane servitor but do no damage.
The profane servitor is lightly damaged.
Ozacwov mumbles some strange words.
Ozacwov seems to speed up.
You completely miss the profane servitor. x2
The profane servitor is lightly damaged.
The profane servitor hits you with a +2 whip.
You block the profane servitor's attack.
You puncture the profane servitor! You miss the profane servitor.
The profane servitor is lightly damaged.
You block the profane servitor's attack. x2
The profane servitor hits you with a +2 whip!
You block the profane servitor's attack.
The profane servitor hits you but does no damage.
You block the profane servitor's attack.
You closely miss the profane servitor. You puncture the profane servitor!
The profane servitor is moderately damaged.
Ozacwov hits the profane servitor with a +0 antimagic quick blade!
Ozacwov misses the profane servitor.
You block the profane servitor's attack. x2
Ozacwov hits the profane servitor with a +0 antimagic quick blade.
Ozacwov closely misses the profane servitor.
You puncture the profane servitor!
You completely miss the profane servitor.
The profane servitor is moderately damaged.
Ozacwov misses the profane servitor.
Ozacwov hits the profane servitor but does no damage.
You block the profane servitor's attack.
The profane servitor hits you but does no damage.
Ozacwov misses the profane servitor.
Ozacwov hits the profane servitor with a +0 antimagic quick blade!
You puncture the profane servitor! You barely miss the profane servitor.
The profane servitor is heavily damaged.
Ozacwov hits the profane servitor with a +0 antimagic quick blade!
Ozacwov closely misses the profane servitor.
You puncture the profane servitor! You miss the profane servitor.
The profane servitor is severely damaged.
Ozacwov misses the profane servitor. x2
You block the profane servitor's attack. x2
Ozacwov misses the profane servitor.
Ozacwov hits the profane servitor with a +0 antimagic quick blade!
You miss the profane servitor. You closely miss the profane servitor.
The profane servitor is almost destroyed.
Ozacwov hits the profane servitor but does no damage.
Ozacwov hits the profane servitor with a +0 antimagic quick blade.
The profane servitor hits Ozacwov with a +2 whip!
The profane servitor hits Ozacwov but does no damage.
Ozacwov closely misses the profane servitor. x2
You closely miss the profane servitor. You puncture the profane servitor!
The profane servitor is almost destroyed.
Ozacwov hits the profane servitor with a +0 antimagic quick blade.
Ozacwov closely misses the profane servitor.
You block the profane servitor's attack. x2
Ozacwov hits the profane servitor with a +0 antimagic quick blade.
The profane servitor is destroyed!
No target in view!
You see here a +2 whip.
Ancestor HP restored.
There is a stone staircase leading up here.
You fly upwards.
There is a stone staircase leading down here.
A soul eater comes into view.
Ozacwov hits the soul eater with a +0 antimagic quick blade!
Ozacwov hits the soul eater but does no damage.
The soul eater closely misses you.
You hit the soul eater.
Lightning courses through the soul eater!
You hit the soul eater but do no damage.
The soul eater is heavily wounded.
Ozacwov is no longer moving quickly.
Ozacwov barely misses the soul eater.
Ozacwov hits the soul eater but does no damage.
Ozacwov hits the soul eater with a +0 antimagic quick blade.
The soul eater's magic leaks into the air.
Ozacwov hits the soul eater but does no damage.
You strike the helpless soul eater from behind!
You perforate the soul eater like a sieve!!!
You kill the soul eater! 4 hell hogs come into view.
You hit the hell hog. x2
The hell hog is lightly wounded.
You puncture the hell hog! You hit the hell hog.
Lightning courses through the hell hog!
The hell hog is severely wounded.
The hell hog breathes fire at you.
The fireball explodes!
The fireball engulfs you but does no damage.
You resist.
The fireball engulfs the hell hog.
The hell hog completely resists.
The fireball engulfs the hell hog.
The hell hog completely resists.
The fireball engulfs Ozacwov!
Ozacwov resists.
The hell hog breathes fire at Ozacwov.
The fireball explodes!
The fireball engulfs you. You resist.
The fireball engulfs the hell hog.
The hell hog completely resists.
The fireball engulfs the hell hog.
The hell hog completely resists.
The fireball engulfs Ozacwov.
Ozacwov resists.
The hell hog breathes fire at you.
The fireball explodes!
The fireball engulfs you. You resist.
The fireball engulfs the hell hog.
The hell hog completely resists.
The fireball engulfs the hell hog.
The hell hog completely resists.
The fireball engulfs Ozacwov.
Ozacwov resists.
Ozacwov barely misses the hell hog.
Ozacwov hits the hell hog with a +0 antimagic quick blade!
You puncture the hell hog! You hit the hell hog.
The hell hog is almost dead.
You block the hell hog's attack. The hell hog misses you.
Ozacwov hits the hell hog with a +0 antimagic quick blade! x2
The hell hog breathes fire at you.
The fireball explodes!
The fireball engulfs you. You resist.
The fireball engulfs the hell hog.
The hell hog completely resists.
The fireball engulfs the hell hog.
The hell hog completely resists.
The fireball engulfs Ozacwov!!
Ozacwov resists.
You catch the helpless hell hog completely off-guard!
You spit the hell hog like the proverbial pig!!!
You kill the hell hog!
The hell hog bites Ozacwov!
Ozacwov gestures at the hell hog while chanting.
The hell hog resists with significant effort.
You hit the hell hog. You puncture the hell hog!
The hell hog is almost dead.
You block the hell hog's attack. The hell hog breathes fire at you.
The fireball explodes!
The fireball engulfs you. You resist.
The fireball engulfs the hell hog.
The hell hog completely resists.
The fireball engulfs the hell hog.
The hell hog completely resists.
The fireball engulfs the hell hog.
The hell hog completely resists.
The fireball engulfs Ozacwov!
Ozacwov resists.
Ozacwov hits the hell hog with a +0 antimagic quick blade!
The hell hog dies!
You block the hell hog's attack.
You catch the helpless hell hog completely off-guard!
You spit the hell hog like the proverbial pig!!!
Lightning courses through the hell hog!
You kill the hell hog!
Ozacwov mumbles some strange words.
The hell hog resists with almost no effort.
You block the hell hog's attack.
You puncture the hell hog! You hit the hell hog.
The hell hog is moderately wounded.
You puncture the hell hog! Lightning courses through the hell hog!
You puncture the hell hog!
The hell hog is severely wounded.
You block the hell hog's attack.
You puncture the hell hog! x2
You kill the hell hog!
No target in view!
No target in view!
You see here an iguana skeleton.
There is a stone staircase leading up here.
You fly upwards.
There is a stone staircase leading down here.
HP restored.
There is a stone staircase leading up here.
Things that are here:
a +0 robe; a +0 scythe; the human skeleton of Sigmund You fly upwards.
Level annotation: 1 runed translucent door, Heh's ghost, amateur CoAl
There is a stone staircase leading down here.
There is a stone staircase leading up here.
You fly upwards.
There is a stone staircase leading down here.
Ancestor HP restored.
There is a stone staircase leading up here.
You fly upwards.
There is a stone staircase leading down here.
You see here an adder skeleton.
There is a stone staircase leading up here.
You fly upwards.
There is a stone staircase leading down here.
There is an open door, spattered with blood here.
Things that are here:
a frilled lizard skeleton; a frilled lizard skeleton The octopode shouts!
The draconian roars!
The tengu shouts!
The elf shouts!
The felid hisses angrily.
The oni shouts!
The demonspawn shouts!
You hear a grinding noise.
You hear a grinding noise.
You hear a grinding noise.
The merfolk shouts!
You sense a monster nearby.
The formicid shouts!
You swap places.
The goblin shouts!
You swap places.
The troll shouts!
The minotaur bellows!
There is an open door here.
There is a staircase leading out of the dungeon here.
You have escaped!

#.###....##.#
#..#..##.##.#
##........∩.#
#######.#### { #.#
###############
#R#6#H#g#g#i#T####
###############..#
..............'R@#
###############..#
#O#n#p#m#B#K#H####
###############
#.# #.# ########.#
.........#
...#######


You could see the friendly Ozacwov the hexer.

Vanquished Creatures
  3 dread liches
  2 ancient liches (Zot:5)
  Frederick (Depths:3)
  8 orbs of fire
  Mennas (Depths:3)
  Josephina (Depths:4)
  Sojobo (Crypt:1)
  Boris (Crypt:1)
  A Killer Klown (Zot:5)
  7 caustic shrikes
  7 golden dragons
  Jory (Crypt:3)
  A profane servitor (Crypt:2)
  2 bone dragons (Zot:1)
  Arachne (Spider:2)
  An electric golem (Zot:2)
  7 tentacled monstrosities
  25 Orb Guardians
  A walking crystal tome (Depths:3)
  A lich (Vaults:4)
  A deep elf blademaster (Elf:2)
  2 titans
  2 deep elf master archers (Elf:3)
  5 sphinxes
  7 quicksilver dragons
  2 ancient champions
  11 storm dragons
  14 death cobs
  8 shadow dragons
  7 tengu reavers
  3 revenants
  10 draconian knights
  13 draconian monks
  5 protean progenitors
  7 fire giants
  Louise (Shoals:1)
  8 deep elf sorcerers
  6 frost giants
  10 draconian scorchers
  5 draconian shifters
  An iron dragon (Depths:4)
  6 emperor scorpions (Spider:4)
  5 ghost moths
  6 vault wardens
  4 orc warlords
  A curse skull (Crypt:2)
  7 ghouls
  2 draconian stormcallers (Zot:2)
  A caustic shrike skeleton (Depths:3)
  A juggernaut zombie (Depths:3)
  6 very ugly things
  A deep elf elementalist (Elf:1)
  A reaper (Crypt:3)
  6 draconian annihilators
  12 ironbound preservers
  10 stone giants
  A broodmother (shapeshifter) (Depths:4)
  6 ironbound thunderhulks
  3 broodmothers
  21 green draconians
  11 vampire knights
  4 deep elf demonologists
  Nessos (Orc:2)
  7 red draconians
  A rockslime zombie (Crypt:2)
  5 deep elf annihilators
  2 bunyips (Zot:5)
  9 deep elf death magi
  6 black draconians
  9 white draconians
  10 yellow draconians
  7 dire elephants
  9 spark wasps
  6 purple draconians
  5 jiangshi
  6 eidola
  6 ettins
  6 entropy weavers
  12 fire dragons
  8 merfolk impalers
  3 merfolk javelineers
  7 yaktaur captains
  2 deep elf high priests (Elf:3)
  2 spriggan zombies
  9 hydras
  9 ice dragons
  Erolcha (D:10)
  3 hell beasts
  3 rakshasas
  2 great orbs of eyes (Vaults:1)
  8 centaur warriors
  A merfolk avatar (Shoals:3)
  3 radroaches
  3 spriggan air magi
  6 ironbound frosthearts
  4 death knights
  2 alligator snapping turtles
  A spriggan skeleton (Depths:3)
  7 jorogumos
  2 catoblepae
  7 boulder beetles
  22 dancing weapons
  7 satyrs
  8 tengu warriors
  A sphinx skeleton (Crypt:2)
  7 deep troll shamans
  3 merfolk aquamancers (Shoals:4)
  4 two-headed ogres
  4 deep troll earth magi (Depths:3)
  3 hell hogs (D:6)
  9 vampire magi
  Urug (Lair:3)
  4 orc high priests (Orc:2)
  2 spriggan berserkers (Depths:3)
  3 demonic crawlers
  2 storm dragon zombies (Crypt:3)
  12 deep elf knights
  A spectral emperor scorpion (Spider:4)
  5 iron trolls
  6 skeletal warriors
  2 occultists
  A sun demon (Depths:2)
  A spark wasp zombie (Depths:3)
  2 death drakes (Zot:1)
  3 deep elf archers
  7 skysharks
  A sixfirhy (Gauntlet)
  9 soul eaters
  6 pharaoh ants
  A death drake (shapeshifter) (Elf:1)
  A golden dragon zombie (Crypt:3)
  2 shadow wraiths
  4 flayed ghosts
  A nameless horror (Elf:2)
  7 arcanists
  A storm dragon skeleton (Depths:3)
  34 deep trolls
  4 orb spiders
  6 sea snakes
  A swamp dragon (Zot:1)
  8 lindwurms
  6 steelbarb worms
  11 harpies
  2 sun moths (Spider:2)
  9 orc knights
  22 phantasmal warriors
  7 ironbound convokers
  4 bog bodies
  A golden dragon skeleton (Depths:3)
  An obsidian bat (Orc:1)
  Pikel (D:8)
  20 deep elf pyromancers
  An anaconda skeleton (Crypt:1)
  15 deep elf zephyrmancers
  3 necromancers
  18 ugly things
  19 manticores
  16 wolf spiders
  2 orc sorcerers
  A salamander (shapeshifter) (Vaults:3)
  7 fauns
  A stone giant zombie (Crypt:3)
  6 cyclopes
  18 moths of wrath
  Maurice (D:8)
  A large abomination (Zot:1)
  6 meliai
  12 merfolk sirens
  A kobold blastminer (Orc:2)
  6 torpor snails
  2 guardian serpents (Depths:2)
  A guardian serpent (shapeshifter) (Depths:3)
  13 water nymphs
  3 elephants (Lair:3)
  5 vault sentinels
  2 emperor scorpion simulacra (Spider:4)
  8 cane toads
  A gargoyle (D:14)
  2 black mambas
  2 kobold demonologists (D:10)
  2 rime drakes (Lair:5)
  3 unseen horrors
  3 komodo dragons
  An efreet (D:13)
  A ghost moth simulacrum (Zot:1)
  A hellion (Depths:2)
  An alligator snapping turtle skeleton (Crypt:2)
  Maggie (D:6)
  A grey draconian zombie (Crypt:2)
  A spark wasp simulacrum (Spider:4)
  21 yaktaurs
  4 freezing wraiths
  Jeremiah (D:6)
  A swamp worm zombie (Crypt:1)
  5 tengu conjurers
  4 guardian mummies (Crypt:3)
  A catoblepas skeleton (Crypt:3)
  2 jorogumo simulacra (Spider:4)
  3 trolls
  19 merfolk
  2 harpy zombies
  A polar bear (Lair:5)
  A death yak skeleton (Crypt:3)
  13 wind drakes
  3 glass eyes
  3 ettin zombies
  13 tarantellas
  4 tyrant leeches
  A hydra zombie (Crypt:3)
  29 jumping spiders
  6 snapping turtles
  11 blink frogs
  Grinder (D:6)
  3 dream sheep (Shoals:3)
  A raiju (shapeshifter) (Elf:2)
  A meliai zombie (Crypt:2)
  12 slime creatures
  16 vampires
  An ice dragon zombie (Crypt:3)
  3 shadows
  11 water elementals
  15 culicivoras
  A dire elephant simulacrum (Crypt:2)
  Sigmund (D:5)
  4 air elementals
  6 wyverns
  A black mamba zombie (Crypt:2)
  9 wraiths
  A hog (shapeshifter) (D:14)
  A human (shapeshifter) (D:14)
  2 fire bats (Abyss:1)
  9 yaks
  3 fire elementals
  3 basilisks
  A warg (Orc:1)
  A steam dragon (D:10)
  A wind drake skeleton (Crypt:1)
  24 redbacks
  Menkaure (D:5)
  2 chaos spawn (Abyss:1)
  A spatial vortex (Abyss:3)
  A glowing shapeshifter zombie (Depths:3)
  9 vampire mosquitoes
  2 naga zombies (Crypt:2)
  4 small abominations (Gauntlet)
  A hell hound (Elf:3)
  A water moccasin (shapeshifter) (D:13)
  4 acid dragons
  14 water moccasins
  A moth of wrath simulacrum (Zot:1)
  A naga skeleton (Crypt:2)
  2 sky beasts (D:6)
  2 black bears
  A manticore zombie (Crypt:3)
  27 orc warriors
  An ice beast (D:6)
  15 laughing skulls
  A crocodile (Sewer)
  2 radroach simulacra (Spider:4)
  4 ogres
  9 wolves
  3 boggarts (D:11)
  A phantom (D:6)
  A snapping turtle skeleton (Crypt:2)
  A lemure (D:8)
  A swamp dragon skeleton (Crypt:1)
  An elf zombie (Ossuary)
  A yaktaur zombie (Crypt:1)
  7 kobold brigands
  A draconian zombie (Crypt:2)
  A rime drake skeleton (Crypt:3)
  12 bullfrogs
  3 scorpions
  A naga simulacrum (Crypt:2)
  7 killer bees
  A troll zombie (Crypt:1)
  A troll skeleton (Crypt:2)
  3 howler monkeys (D:8)
  3 electric eels
  A yak skeleton (Crypt:2)
  4 centaur zombies
  7 jellies
  2 hounds (D:5)
  14 orc priests
  A human zombie (Ossuary)
  Terence (D:3)
  2 black bear skeletons (Crypt:3)
  3 iguanas
  7 hexers
  19 orc wizards
  An acid dragon zombie (Crypt:3)
  7 hound zombies (Ossuary)
  2 mummies (Ossuary)
  8 adders
  2 shadow imps
  2 white imps
  3 ufetubi (Gauntlet)
  4 adder zombies (Ossuary)
  A dart slug (D:9)
  A ribbon worm (D:5)
  56 orcs
  A bat zombie (Crypt:3)
  7 endoplasms
  6 giant cockroaches
  6 gnoll zombies (Ossuary)
  7 goblins
  2 hobgoblins
  3 jackals (Sewer)
  5 quokkas
  7 ball pythons
  2 bats
  4 frilled lizards
  9 jackal zombies
  23 kobolds
  2 kobold zombies (Ossuary)
  5 orc zombies (Ossuary)
  4 rats
  An aspiring flesh (Zot:3)
1671 creatures vanquished.

Vanquished Creatures (collateral kills)
  2 ancient liches (Zot:5)
  3 orbs of fire
  A juggernaut (Depths:4)
  A Killer Klown (Zot:5)
  Boris (Crypt:3)
  3 caustic shrikes (Depths:4)
  5 golden dragons
  A profane servitor (D:7)
  A bone dragon (Zot:1)
  2 electric golems (Zot:5)
  Rupert (D:12)
  Jorgrun (D:15)
  4 Orb Guardians (Zot:5)
  5 tentacled monstrosities
  2 liches
  2 deep elf blademasters (Elf:2)
  A quicksilver dragon (Zot:3)
  Kirke (D:15)
  Gastronok (D:11)
  2 shadow dragons
  6 storm dragons
  A protean progenitor (Zot:1)
  2 draconian knights
  An emperor scorpion (Spider:2)
  2 revenants
  3 draconian monks
  4 fire giants
  A draconian shifter (Zot:2)
  4 frost giants
  4 vault wardens
  3 ghouls
  A draconian scorcher (Zot:2)
  3 ghost moths
  The ghost of Cinej the Imperceptible, an adept SpEn of Gozag (Spider:3)
  A reaper (Crypt:3)
  An orc warlord (Orc:2)
  A draconian annihilator (Zot:1)
  4 draconian stormcallers
  2 ironbound thunderhulks
  4 stone giants
  An ironbound preserver (Vaults:4)
  A formless jellyfish (Vaults:4)
  2 very ugly things (Depths:3)
  2 vampire knights
  2 green draconians
  2 black draconians
  4 deep elf annihilators
  A deep elf death mage (Elf:3)
  2 deep elf demonologists
  3 spark wasps (Depths:4)
  5 dire elephants (Vaults:1)
  4 red draconians
  A white draconian (Zot:4)
  3 purple draconians
  5 yellow draconians
  A yaktaur captain (Vaults:4)
  2 eidola (Crypt:2)
  3 ettins (Depths:2)
  A merfolk impaler (Shoals:4)
  2 jiangshi
  3 fire dragons (Elf:3)
  3 merfolk javelineers (Shoals:4)
  A rakshasa (Depths:3)
  A hydra (Lair:3)
  2 great orbs of eyes
  A catoblepas (Zot:1)
  3 centaur warriors
  A sphinx zombie (Depths:3)
  2 death knights
  2 ironbound frosthearts
  A boulder beetle (Vaults:2)
  An ogre mage (Orc:2)
  3 merfolk aquamancers
  A radroach (Spider:4)
  10 dancing weapons
  6 two-headed ogres
  A bennu skeleton (Crypt:3)
  A deep troll earth mage (Depths:2)
  A demonic crawler (Spider:3)
  A tengu warrior (Depths:3)
  5 vampire magi
  An occultist (Depths:3)
  A hell hog (D:6)
  2 spriggan berserkers
  4 deep elf knights
  2 skysharks
  A shadow wraith (Crypt:2)
  An iron troll (Depths:3)
  3 skeletal warriors
  A pharaoh ant (Spider:2)
  2 deep elf archers (Elf:2)
  A mana viper (shapeshifter) (Depths:3)
  3 flayed ghosts
  A swamp dragon (shapeshifter) (D:10)
  5 deep trolls
  A glowing orange brain (Depths:3)
  A lindwurm (Vaults:1)
  A sea snake (Shoals:1)
  An arcanist (Vaults:3)
  3 orb spiders
  An obsidian statue (Zot:5)
  5 phantasmal warriors
  2 harpies (Shoals:3)
  A thermic dynamo (Elf:1)
  3 deep elf pyromancers
  2 golden dragon skeletons
  A necromancer (Depths:3)
  5 ugly things
  4 deep elf zephyrmancers
  3 orc knights (Orc:2)
  An orc sorcerer (Orc:2)
  8 wolf spiders
  4 manticores
  3 cyclopes
  3 merfolk sirens
  4 vault sentinels
  An elephant (Lair:3)
  3 meliai
  6 moths of wrath
  A titan simulacrum (Depths:3)
  A naga mage (Vaults:4)
  A black mamba (Lair:5)
  A water nymph (Shoals:4)
  3 cane toads
  A naga zombie (Crypt:3)
  A gargoyle (D:10)
  A rime drake (D:11)
  3 torpor snails
  2 yaktaurs
  An efreet (D:15)
  A freezing wraith (Crypt:1)
  5 tengu conjurers
  A ghost moth simulacrum (Spider:4)
  2 komodo dragons (Lair:5)
  A red devil (Zot:2)
  A guardian mummy (Zot:1)
  A queen bee (Spider:4)
  10 merfolk
  3 wind drakes (Shoals:4)
  11 tarantellas
  An ettin zombie (Crypt:2)
  9 jumping spiders
  A jorogumo simulacrum (Spider:4)
  A tyrant leech (Depths:2)
  7 blink frogs
  2 draconian simulacra (Zot:1)
  A snapping turtle (Shoals:4)
  2 slime creatures
  8 water elementals
  5 culicivoras
  6 vampires
  5 air elementals
  2 wyverns
  2 fire elementals (Elf:2)
  8 yaks
  3 wargs
  2 steam dragons
  14 redbacks
  A white draconian simulacrum (Zot:1)
  A small abomination (Gauntlet)
  5 vampire mosquitoes
  3 water moccasins (Lair:1)
  A black bear (Lair:5)
  11 orc warriors
  An ice beast (D:7)
  7 laughing skulls
  An ogre (Orc:2)
  A centaur (D:10)
  4 wolves
  2 kobold brigands
  A bullfrog (Lair:3)
  An earth elemental (Elf:1)
  9 killer bees
  A howler monkey (D:10)
  A jelly (Lair:5)
  5 orc priests (Orc:2)
  5 orc wizards (Orc:2)
  28 orcs
  An endoplasm (Lair:5)
  A butterfly (Lair:3)
503 creatures vanquished.

Vanquished Creatures (others)
  Norris (Depths:2)
  An emperor scorpion (Spider:4)
  A deep elf elementalist (Elf:3)
  A draconian stormcaller (Zot:2)
  A rakshasa (Depths:2)
  A centaur warrior (Vaults:1)
  A deep elf knight (Elf:2)
  9 dancing weapons
  2 deep elf pyromancers
  A black mamba (Lair:1)
  A jumping spider (Spider:2)
  A culicivora (Spider:4)
  2 humans (D:15)
  An orc warrior (D:10)
  An orc priest (D:10)
  An ancestor (D:9)
  61 hexers
  An orc (D:10)
88 creatures vanquished.

Grand Total: 2262 creatures vanquished

Notes
Turn   | Place    | Note
-------+----------+-------------------------------------------
     0 | D:1      | sleeves the Djinni Enchanter began the quest for the Orb.
     0 | D:1      | sleeves set off with the following spells memorised:
                  | Ensorcelled Hibernation, Confusing Touch, Tukima's Dance,
                  | Dazzling Flash.
     0 | D:1      | Reached XP level 1. HP: 15/15 MP: 0/0
     2 | D:1      | Noticed a troll
     2 | D:1      | Noticed a minotaur
     4 | D:1      | Noticed a spriggan
     6 | D:1      | Noticed a formicid
     8 | D:1      | Noticed a dwarf
     8 | D:1      | Noticed a merfolk
    10 | D:1      | Noticed an armataur
    10 | D:1      | Noticed a demigod
    12 | D:1      | Noticed a demonspawn
    12 | D:1      | Noticed a ghoul
    14 | D:1      | Noticed a djinni
    14 | D:1      | Noticed an oni
    16 | D:1      | Noticed a felid
    18 | D:1      | Noticed an elf
    18 | D:1      | Noticed a barachi
    20 | D:1      | Noticed a human
    20 | D:1      | Noticed a tengu
    22 | D:1      | Noticed a vine stalker
    24 | D:1      | Noticed a gargoyle
    24 | D:1      | Noticed a draconian
    26 | D:1      | Noticed an octopode
    26 | D:1      | Noticed a vampire
    28 | D:1      | Noticed a naga
    37 | D:1      | Reached skill level 3 in Spellcasting
    37 | D:1      | Reached skill level 3 in Conjurations
    37 | D:1      | Reached skill level 3 in Hexes
    37 | D:1      | Reached skill level 3 in Summonings
    37 | D:1      | Reached skill level 3 in Necromancy
    37 | D:1      | Reached skill level 3 in Translocations
    37 | D:1      | Reached skill level 3 in Fire Magic
    37 | D:1      | Reached skill level 3 in Ice Magic
    37 | D:1      | Reached skill level 3 in Air Magic
    37 | D:1      | Reached skill level 3 in Earth Magic
    37 | D:1      | Reached skill level 3 in Alchemy
    71 | D:1      | HP: 7/15 [frilled lizard (3)]
   163 | D:1      | HP: 7/15 [goblin/+0 club (1)]
   165 | D:1      | Reached XP level 2. HP: 11/21 MP: 0/0
   285 | D:1      | HP: 7/21 [frozen (7)]
   286 | D:1      | HP: 2/21 [frozen (4)]
   673 | D:1      | Found Suptadeu's Magic Scroll Shoppe.
   982 | D:2      | Reached XP level 3. HP: 25/25 MP: 0/0
   982 | D:2      | Learned a level 1 spell: Sandblast
  1145 | D:2      | Reached skill level 4 in Spellcasting
  1145 | D:2      | Reached skill level 4 in Conjurations
  1145 | D:2      | Reached skill level 4 in Hexes
  1145 | D:2      | Reached skill level 4 in Summonings
  1145 | D:2      | Reached skill level 4 in Necromancy
  1145 | D:2      | Reached skill level 4 in Translocations
  1145 | D:2      | Reached skill level 4 in Fire Magic
  1145 | D:2      | Reached skill level 4 in Ice Magic
  1145 | D:2      | Reached skill level 4 in Air Magic
  1145 | D:2      | Reached skill level 4 in Earth Magic
  1145 | D:2      | Reached skill level 4 in Alchemy
  1145 | D:2      | Reached XP level 4. HP: 31/31 MP: 0/0
  1369 | D:2      | Reached skill level 1 in Short Blades
  1735 | D:3      | Noticed Terence
  1897 | D:3      | Killed Terence
  1898 | D:3      | Reached skill level 1 in Fighting
  1898 | D:3      | Reached XP level 5. HP: 22/37 MP: 0/0
  1898 | D:3      | Learned a level 2 spell: Scorch
  2166 | D:4      | Noticed an ogre
  2228 | D:4      | Found a sand-covered staircase.
  2241 | Ossuary  | Entered an ossuary
  2374 | Ossuary  | Reached skill level 2 in Short Blades
  2422 | Ossuary  | Reached skill level 2 in Fighting
  2422 | Ossuary  | Reached XP level 6. HP: 43/43 MP: 0/0
  2582 | Ossuary  | HP: 21/43 [centaur zombie (1)]
  2617 | Ossuary  | HP: 21/45 [gnoll zombie (2)]
  2773 | Ossuary  | Reached XP level 7. HP: 46/49 MP: 0/0
  2773 | Ossuary  | Learned a level 2 spell: Blink
  2781 | Ossuary  | Reached skill level 3 in Fighting
  2781 | Ossuary  | Reached skill level 3 in Short Blades
  2901 | D:4      | Reached skill level 5 in Spellcasting
  2901 | D:4      | Reached skill level 5 in Conjurations
  2901 | D:4      | Reached skill level 5 in Hexes
  2901 | D:4      | Reached skill level 5 in Summonings
  2901 | D:4      | Reached skill level 5 in Necromancy
  2901 | D:4      | Reached skill level 5 in Translocations
  2901 | D:4      | Reached skill level 5 in Fire Magic
  2901 | D:4      | Reached skill level 5 in Ice Magic
  2901 | D:4      | Reached skill level 5 in Air Magic
  2901 | D:4      | Reached skill level 5 in Earth Magic
  2901 | D:4      | Reached skill level 5 in Alchemy
  2960 | D:3      | HP: 25/51 [orc wizard/magic dart (5)]
  3154 | D:4      | Found a runed translucent door.
  3162 | D:4      | Noticed Heh's ghost (amateur CoAl)
  3375 | D:4      | Found Agaun's General Store.
  3395 | D:4      | Reached skill level 4 in Fighting
  3395 | D:4      | Reached XP level 8. HP: 52/58 MP: 0/0
  3575 | D:5      | Entered Level 5 of the Dungeon
  3617 | D:5      | Reached skill level 4 in Short Blades
  3632 | D:5      | Noticed Sigmund
  3636 | D:5      | Killed Sigmund
  3678 | D:5      | Noticed Menkaure
  3682 | D:5      | HP: 28/58 [??? (25)]
  3683 | D:5      | Killed Menkaure
  3859 | D:5      | Found a snail-covered altar of Cheibriados.
  3916 | D:5      | Reached skill level 5 in Fighting
  4319 | D:6      | Found a staircase to the Ecumenical Temple.
  4328 | Temple   | Entered the Ecumenical Temple
  4371 | Temple   | Became a worshipper of Hepliaklqana the Forgotten
  4423 | D:6      | Noticed Jeremiah
  4465 | D:6      | Reached skill level 5 in Short Blades
  4465 | D:6      | Reached XP level 9. HP: 44/65 MP: 0/0
  4465 | D:6      | Learned a level 3 spell: Call Canine Familiar
  4481 | D:6      | Reached skill level 6 in Spellcasting
  4481 | D:6      | Reached skill level 6 in Conjurations
  4481 | D:6      | Reached skill level 6 in Hexes
  4481 | D:6      | Reached skill level 6 in Summonings
  4481 | D:6      | Reached skill level 6 in Necromancy
  4481 | D:6      | Reached skill level 6 in Translocations
  4481 | D:6      | Reached skill level 6 in Fire Magic
  4481 | D:6      | Reached skill level 6 in Ice Magic
  4481 | D:6      | Reached skill level 6 in Air Magic
  4481 | D:6      | Reached skill level 6 in Earth Magic
  4481 | D:6      | Reached skill level 6 in Alchemy
  4523 | D:6      | Noticed Grinder
  4564 | D:6      | Killed Grinder
  4649 | D:6      | Found a glowing drain.
  4656 | Sewer    | Entered a sewer
  4731 | Sewer    | Reached skill level 6 in Fighting
  4943 | D:6      | Found an ornate altar of the Wu Jian Council.
  4950 | D:6      | Noticed Maggie
  4963 | D:6      | Killed Maggie
  4964 | D:6      | Reached skill level 6 in Short Blades
  5161 | D:6      | HP: 28/67 [Jeremiah/divine providence (15)]
  5301 | D:6      | Killed Jeremiah
  5441 | D:6      | Reached skill level 7 in Fighting
  5594 | D:7      | Reached XP level 10. HP: 75/75 MP: 0/0
  5598 | D:7      | Reached skill level 7 in Spellcasting
  5598 | D:7      | Reached skill level 7 in Conjurations
  5598 | D:7      | Reached skill level 7 in Hexes
  5598 | D:7      | Reached skill level 7 in Summonings
  5598 | D:7      | Reached skill level 7 in Necromancy
  5598 | D:7      | Reached skill level 7 in Translocations
  5598 | D:7      | Reached skill level 7 in Fire Magic
  5598 | D:7      | Reached skill level 7 in Ice Magic
  5598 | D:7      | Reached skill level 7 in Air Magic
  5598 | D:7      | Reached skill level 7 in Earth Magic
  5598 | D:7      | Reached skill level 7 in Alchemy
  5873 | D:6      | Reached skill level 7 in Short Blades
  6252 | D:7      | Reached skill level 8 in Fighting
  6496 | D:8      | Found a stormy altar of Qazlal.
  6506 | D:8      | Identified the +1 leather armour of Virtue {rPois}
  6606 | D:8      | Found a flagged portal.
  6615 | Bailey   | Entered a bailey
  7048 | Bailey   | Found the +2 shield of Resistance {rF++ rC++ Will++}
  7049 | Bailey   | Found an iron altar of Okawaru.
  7146 | D:8      | Reached * piety under Hepliaklqana
  7229 | D:8      | Noticed Maurice
  7234 | D:8      | Maurice stole 61 gold
  7236 | D:8      | Maurice stole 37 poisoned darts
  7240 | D:8      | HP: 27/69 [Maurice/bolt of acid (7)]
  7241 | D:8      | Maurice stole a ring of wizardry
  7244 | D:8      | Killed Maurice
  7245 | D:8      | Reached skill level 8 in Short Blades
  7245 | D:8      | Reached skill level 8 in Spellcasting
  7245 | D:8      | Reached skill level 8 in Conjurations
  7245 | D:8      | Reached skill level 8 in Hexes
  7245 | D:8      | Reached skill level 8 in Summonings
  7245 | D:8      | Reached skill level 8 in Necromancy
  7245 | D:8      | Reached skill level 8 in Translocations
  7245 | D:8      | Reached skill level 8 in Fire Magic
  7245 | D:8      | Reached skill level 8 in Ice Magic
  7245 | D:8      | Reached skill level 8 in Air Magic
  7245 | D:8      | Reached skill level 8 in Earth Magic
  7245 | D:8      | Reached skill level 8 in Alchemy
  7627 | D:8      | Found a shimmering altar of Xom.
  7829 | D:8      | Noticed Pikel
  7841 | D:8      | HP: 34/69 [Pikel/+1 whip of flaming (11)]
  7843 | D:8      | Killed Pikel
  7844 | D:8      | Reached skill level 9 in Fighting
  7844 | D:8      | Reached XP level 11. HP: 24/75 MP: 0/0
  7844 | D:8      | Learned a level 4 spell: Passage of Golubria
  8720 | D:9      | Found a burning altar of Makhleb.
  8731 | D:9      | Noticed a two-headed ogre
  8742 | D:9      | Killed a two-headed ogre
  8994 | D:9      | Reached ** piety under Hepliaklqana
  8995 | D:9      | Remembered your ancestor Ozacwov as a hexer
  9106 | D:9      | Found an opulent altar of Gozag.
  9434 | D:10     | Entered Level 10 of the Dungeon
  9466 | D:10     | Reached skill level 10 in Fighting
  9490 | D:10     | Reached skill level 9 in Spellcasting
  9490 | D:10     | Reached skill level 9 in Conjurations
  9490 | D:10     | Reached skill level 9 in Hexes
  9490 | D:10     | Reached skill level 9 in Summonings
  9490 | D:10     | Reached skill level 9 in Necromancy
  9490 | D:10     | Reached skill level 9 in Translocations
  9490 | D:10     | Reached skill level 9 in Fire Magic
  9490 | D:10     | Reached skill level 9 in Ice Magic
  9490 | D:10     | Reached skill level 9 in Air Magic
  9490 | D:10     | Reached skill level 9 in Earth Magic
  9490 | D:10     | Reached skill level 9 in Alchemy
  9743 | D:10     | Noticed Erolcha
  9757 | D:10     | Killed Erolcha
  9816 | D:10     | Noticed a centaur warrior
  9892 | D:10     | Identified the +1 leather armour "Noasepaf" {Fly MP+9 Str+3
                  | Dex+2}
  9913 | D:10     | Killed a centaur warrior
  9914 | D:10     | Reached skill level 1 in Shields
  9964 | D:10     | Noticed an orc knight
  9979 | D:10     | HP: 29/76 [orc knight (14)]
  9982 | D:10     | Killed an orc knight
  9983 | D:10     | Reached skill level 3 in Stealth
 10050 | D:10     | HP: 37/76 [gargoyle/stone arrow (11)]
 10052 | D:10     | Reached skill level 2 in Shields
 10119 | D:10     | Noticed a centaur warrior
 10121 | D:10     | HP: 32/76 [centaur warrior/bolt (19)]
 10129 | D:10     | HP: 34/76 [centaur warrior/+6 arbalest of electrocution
                  | (6)]
 10135 | D:10     | HP: 21/76 [centaur warrior (11)]
 10136 | D:10     | Killed a centaur warrior
 10137 | D:10     | Reached XP level 12. HP: 23/81 MP: 0/0
 10152 | D:10     | Noticed a two-headed ogre
 10179 | D:10     | Killed a two-headed ogre
 10180 | D:10     | Reached skill level 4 in Stealth
 10180 | D:10     | Reached skill level 3 in Shields
 10401 | D:10     | Reached skill level 10 in Spellcasting
 10401 | D:10     | Reached skill level 10 in Conjurations
 10401 | D:10     | Reached skill level 10 in Hexes
 10401 | D:10     | Reached skill level 10 in Summonings
 10401 | D:10     | Reached skill level 10 in Necromancy
 10401 | D:10     | Reached skill level 10 in Translocations
 10401 | D:10     | Reached skill level 10 in Fire Magic
 10401 | D:10     | Reached skill level 10 in Ice Magic
 10401 | D:10     | Reached skill level 10 in Air Magic
 10401 | D:10     | Reached skill level 10 in Earth Magic
 10401 | D:10     | Reached skill level 10 in Alchemy
 10534 | D:10     | Found a shadowy altar of Dithmenos.
 10663 | D:10     | Identified the staff "Mooge" {rPois rN+ Int+2 Necro}
 10801 | D:10     | a raiju changed into a swamp dragon
 10801 | D:10     | Noticed a swamp dragon (shapeshifter)
 10804 | D:10     | HP: 36/81 [swamp dragon (shapeshifter) (5)]
 10805 | D:10     | Killed a swamp dragon
 10806 | D:10     | Reached skill level 4 in Shields
 10845 | D:10     | Noticed a rakshasa
 11124 | D:9      | HP: 34/81 [rakshasa/lance of force (14)]
 11136 | D:9      | Killed a rakshasa
 11137 | D:9      | Reached skill level 5 in Stealth
 11342 | D:11     | Found a staircase to the Orcish Mines.
 11343 | D:11     | Found Rinoyt's Weapon Emporium.
 11387 | D:11     | Noticed a two-headed ogre
 11432 | D:11     | Killed a two-headed ogre
 11433 | D:11     | Reached skill level 5 in Shields
 11442 | D:11     | Noticed a two-headed ogre
 11454 | D:11     | Killed a two-headed ogre
 11571 | D:11     | Found a gate leading to a gauntlet.
 11591 | Gauntlet | Entered a Gauntlet
 11591 | Gauntlet | Found a transporter.
 11591 | Gauntlet | Found a transporter.
 11595 | Gauntlet | Noticed a sixfirhy
 11598 | Gauntlet | Noticed a tengu warrior
 11636 | Gauntlet | Found a transporter.
 11640 | Gauntlet | Found a transporter.
 11651 | Gauntlet | Found a transporter.
 11653 | Gauntlet | Found a transporter.
 11658 | Gauntlet | Noticed a fire crab
 11661 | Gauntlet | Found a transporter.
 11680 | Gauntlet | Reached *** piety under Hepliaklqana
 11681 | Gauntlet | Noticed a hell beast
 11682 | Gauntlet | Found a transporter.
 11699 | Gauntlet | Found a transporter.
 11703 | Gauntlet | Found a transporter.
 11714 | Gauntlet | Found a transporter.
 11715 | Gauntlet | Found a transporter.
 11833 | Gauntlet | HP: 39/81 [sixfirhy (10)]
 11837 | Gauntlet | Killed a sixfirhy
 11841 | Gauntlet | HP: 35/81 [ufetubus (2)]
 11985 | Gauntlet | Found a runed translucent door.
 12176 | Gauntlet | Identified the +0 pair of boots "Nitro" {-Cast Str+4 Dex+3}
 12177 | Gauntlet | Identified the amulet "Rewn" {Faith rN+ rCorr}
 12240 | Gauntlet | Identified the +6 eveningstar of Pili {vamp, rF- Will+
                  | rCorr}
 12240 | Gauntlet | Identified the +7 tower shield "Beuwniafya" {+Inv rF+ Int+3
                  | Dex+4}
 12240 | Gauntlet | Noticed a minotaur
 12251 | Gauntlet | Identified the +1 pair of boots of Adewec {Will+}
 12251 | Gauntlet | Identified the +8 war axe of the Slimy God {venom, rElec
                  | rPois SInv}
 12324 | D:11     | Reached skill level 6 in Stealth
 12354 | D:11     | Reached skill level 6 in Shields
 12439 | D:11     | Found a staircase to the Lair.
 12570 | D:11     | Noticed a two-headed ogre
 12576 | D:11     | Killed a two-headed ogre
 12577 | D:11     | Reached XP level 13. HP: 80/86 MP: 0/0
 12577 | D:11     | Learned a level 5 spell: Summon Mana Viper
 12936 | Lair:1   | Entered Level 1 of the Lair of Beasts
 13017 | Lair:1   | Reached skill level 11 in Spellcasting
 13017 | Lair:1   | Reached skill level 11 in Conjurations
 13017 | Lair:1   | Reached skill level 11 in Hexes
 13017 | Lair:1   | Reached skill level 11 in Summonings
 13017 | Lair:1   | Reached skill level 11 in Necromancy
 13017 | Lair:1   | Reached skill level 11 in Translocations
 13017 | Lair:1   | Reached skill level 11 in Fire Magic
 13017 | Lair:1   | Reached skill level 11 in Ice Magic
 13017 | Lair:1   | Reached skill level 11 in Air Magic
 13017 | Lair:1   | Reached skill level 11 in Earth Magic
 13017 | Lair:1   | Reached skill level 11 in Alchemy
 13018 | Lair:1   | Noticed Gastronok
 13027 | D:11     | HP: 36/86 [Gastronok/the air (11)]
 13053 | D:11     | HP: 39/86 [bullfrog (2)]
 13229 | D:11     | Killed Gastronok
 13230 | D:11     | Reached skill level 7 in Stealth
 13230 | D:11     | Reached skill level 7 in Shields
 14284 | Lair:2   | Identified the +0 ring mail "Kocwaeso" {Int+5}
 14310 | Lair:2   | Reached **** piety under Hepliaklqana
 14419 | Lair:2   | HP: 39/86 [cane toad (15)]
 14428 | Lair:2   | HP: 23/86 [komodo dragon (16)]
 14643 | Lair:2   | Reached skill level 8 in Shields
 14688 | Lair:2   | Noticed a five-headed hydra
 14702 | Lair:2   | Killed a five-headed hydra
 14782 | Lair:2   | Found a staircase to the Shoals.
 14865 | Lair:2   | Reached skill level 8 in Stealth
 15548 | Lair:3   | Found a hole to the Spider Nest.
 15647 | Lair:3   | Identified 2 scrolls of acquirement
 15715 | Lair:3   | Acquired a +4 quick blade of electrocution
 15773 | Lair:3   | Reached ***** piety under Hepliaklqana
 15885 | Lair:3   | Noticed a five-headed hydra
 16015 | Lair:3   | Identified the dragon-blood talisman "Bumen" {rC+ Dex+2}
 16078 | Lair:3   | Killed a five-headed hydra
 16136 | Lair:3   | Noticed Urug
 16138 | Lair:3   | Reached XP level 14. HP: 92/92 MP: 0/0
 16160 | Lair:3   | Killed Urug
 16193 | Lair:3   | Reached skill level 9 in Shields
 16202 | Lair:3   | Reached skill level 9 in Stealth
 17376 | Lair:4   | Identified the ring "Jidim" {Int+6 SInv}
 17695 | Lair:5   | Entered Level 5 of the Lair of Beasts
 17715 | Lair:5   | HP: 39/92 [komodo dragon (16)]
 18018 | Lair:5   | Reached skill level 12 in Spellcasting
 18018 | Lair:5   | Reached skill level 12 in Conjurations
 18018 | Lair:5   | Reached skill level 12 in Hexes
 18018 | Lair:5   | Reached skill level 12 in Summonings
 18018 | Lair:5   | Reached skill level 12 in Necromancy
 18018 | Lair:5   | Reached skill level 12 in Translocations
 18018 | Lair:5   | Reached skill level 12 in Fire Magic
 18018 | Lair:5   | Reached skill level 12 in Ice Magic
 18018 | Lair:5   | Reached skill level 12 in Air Magic
 18018 | Lair:5   | Reached skill level 12 in Earth Magic
 18018 | Lair:5   | Reached skill level 12 in Alchemy
 18042 | Lair:5   | Found a viscous altar of Jiyva.
 18043 | Lair:5   | Found a staircase to the Slime Pits.
 18227 | Lair:5   | Reached skill level 10 in Stealth
 18280 | Lair:5   | Reached skill level 9 in Short Blades
 18364 | Lair:5   | Noticed a dire elephant
 18494 | Lair:5   | Killed a dire elephant
 18495 | Lair:5   | Reached skill level 10 in Shields
 19105 | Orc:1    | Entered Level 1 of the Orcish Mines
 19267 | Orc:1    | Reached skill level 11 in Stealth
 19559 | Orc:2    | Entered Level 2 of the Orcish Mines
 19576 | Orc:2    | Found Lateus's Magic Scroll Emporium.
 19582 | Orc:2    | Bought a scroll of teleportation for 51 gold pieces
 19582 | Orc:2    | Bought a scroll of fear for 68 gold pieces
 19677 | Orc:2    | Found Sosm's Assorted Antiques.
 19685 | Orc:2    | Bought a potion of heal wounds for 155 gold pieces
 19761 | Orc:2    | Found Vyina's Antique Armour Emporium.
 19774 | Orc:2    | Noticed Nessos
 19789 | Orc:2    | Killed Nessos
 19956 | Orc:2    | Reached XP level 15. HP: 96/96 MP: 0/0
 19956 | Orc:2    | Learned a level 6 spell: Conjure Ball Lightning
 19957 | Orc:2    | Found Ytatoc's Assorted Antiques.
 20006 | Orc:2    | Found Haxanagi's Distillery.
 20014 | Orc:2    | Noticed an orc warlord
 20118 | Orc:2    | Killed an orc warlord
 20192 | Orc:2    | Bought a potion of haste for 120 gold pieces
 20192 | Orc:2    | Bought a potion of haste for 120 gold pieces
 20192 | Orc:2    | Bought a potion of brilliance for 48 gold pieces
 20207 | Orc:2    | Found a staircase to the Elven Halls.
 20510 | Orc:2    | Reached skill level 10 in Short Blades
 20552 | Orc:2    | Reached skill level 12 in Stealth
 20604 | Orc:2    | Found Keniaq's Distillery.
 20604 | Orc:2    | Found Egejo's Weapon Emporium.
 20606 | Orc:2    | Found Peazic's Antique Armour Shop.
 20606 | Orc:2    | Found Ameme Mote's Distillery.
 20619 | Orc:2    | Bought a potion of haste for 170 gold pieces
 20619 | Orc:2    | Bought a potion of resistance for 170 gold pieces
 20619 | Orc:2    | Bought a potion of haste for 170 gold pieces
 20619 | Orc:2    | Bought a potion of brilliance for 68 gold pieces
 20619 | Orc:2    | Bought a potion of curing for 51 gold pieces
 20619 | Orc:2    | Bought a potion of cancellation for 136 gold pieces
 20622 | Orc:2    | Bought a potion of haste for 120 gold pieces
 20622 | Orc:2    | Bought a potion of heal wounds for 60 gold pieces
 20622 | Orc:2    | Bought a potion of resistance for 120 gold pieces
 20622 | Orc:2    | Bought a potion of heal wounds for 60 gold pieces
 20624 | Orc:2    | Bought an ichor-stained robe for 125 gold pieces
 20624 | Orc:2    | Identified the +0 robe of Exclusion {Harm rPois rC- Int+3}
                  | (You bought it in a shop on level 2 of the Orcish Mines)
 20680 | D:12     | Reached ****** piety under Hepliaklqana
 20730 | D:12     | Noticed Rupert
 20738 | D:12     | Killed Rupert
 20879 | D:12     | Found Xeyjokk's Weapon Emporium.
 20914 | D:12     | Found Dogilemn's Distillery.
 20947 | D:12     | Found Lypnis's Antique Weapon Boutique.
 21657 | D:13     | Reached skill level 13 in Spellcasting
 21657 | D:13     | Reached skill level 13 in Conjurations
 21657 | D:13     | Reached skill level 13 in Hexes
 21657 | D:13     | Reached skill level 13 in Summonings
 21657 | D:13     | Reached skill level 13 in Necromancy
 21657 | D:13     | Reached skill level 13 in Translocations
 21657 | D:13     | Reached skill level 13 in Fire Magic
 21657 | D:13     | Reached skill level 13 in Ice Magic
 21657 | D:13     | Reached skill level 13 in Air Magic
 21657 | D:13     | Reached skill level 13 in Earth Magic
 21657 | D:13     | Reached skill level 13 in Alchemy
 21686 | D:13     | Reached skill level 13 in Stealth
 21794 | D:13     | Found a runed translucent gate.
 21794 | D:13     | Found a runed translucent gate.
 21794 | D:13     | Found a runed translucent gate.
 21795 | D:13     | Noticed jkt's ghost (journeyman SpEn)
 21805 | D:13     | Found a gate to the Vaults.
 22284 | D:14     | Reached skill level 11 in Short Blades
 22707 | D:15     | Entered Level 15 of the Dungeon
 22733 | D:15     | Found a portal to a secret trove of treasure.
 22845 | D:15     | Noticed Jorgrun
 22865 | D:15     | Killed Jorgrun
 22866 | D:15     | Reached XP level 16. HP: 65/101 MP: 0/0
 22886 | D:15     | Noticed Kirke
 22896 | D:15     | Killed Kirke
 22984 | D:15     | Reached skill level 14 in Stealth
 23113 | D:15     | Found a staircase to the Depths.
 23117 | D:15     | HP: 43/101 [stone giant (32)]
 23401 | D:15     | You paid a toll of 5 scrolls of fear to enter a treasure
                  | trove
 23402 | Trove    | Entered a treasure trove
 23406 | Trove    | Identified the amulet "Ynain" {Reflect rElec rF- rN+ Will+
                  | SH+5}
 23411 | Trove    | Identified the ring of Arrival {Int+6 Dex+5}
 23413 | Trove    | Identified the ring of Siptal {rF+ Int+3}
 23415 | Trove    | Identified the amulet of Beus {Acrobat rC+}
 23434 | Trove    | Identified the ring "Erghyosi" {+Blink rC- MP+9 Str+3
                  | Dex+6}
 23633 | Spider:1 | Entered Level 1 of the Spider Nest
 23831 | Spider:1 | Identified the +1 chain mail of Mutualism {rF+}
 24341 | Spider:2 | HP: 44/101 [jumping spider (5)]
 24655 | Spider:2 | Reached skill level 12 in Short Blades
 24738 | Spider:2 | Identified the staff of the Wasp {Will+ Stlth+ Conj Hexes}
 24844 | Spider:2 | Reached skill level 15 in Stealth
 24868 | Spider:2 | HP: 44/101 [jumping spider simulacrum (7)]
 25284 | Spider:2 | Noticed Arachne
 25327 | Spider:2 | Killed Arachne
 25328 | Spider:2 | Reached skill level 14 in Spellcasting
 25328 | Spider:2 | Reached skill level 14 in Conjurations
 25328 | Spider:2 | Reached skill level 14 in Hexes
 25328 | Spider:2 | Reached skill level 14 in Summonings
 25328 | Spider:2 | Reached skill level 14 in Necromancy
 25328 | Spider:2 | Reached skill level 14 in Translocations
 25328 | Spider:2 | Reached skill level 14 in Fire Magic
 25328 | Spider:2 | Reached skill level 14 in Ice Magic
 25328 | Spider:2 | Reached skill level 14 in Air Magic
 25328 | Spider:2 | Reached skill level 14 in Earth Magic
 25328 | Spider:2 | Reached skill level 14 in Alchemy
 25331 | Spider:2 | HP: 48/101 [jumping spider[a torpor snail] (9)]
 25336 | Spider:2 | HP: 33/101 [torpor snail (11)]
 25347 | Spider:2 | HP: 32/101 [jumping spider (1)]
 25351 | Spider:2 | HP: 14/101 [jumping spider[a torpor snail] (12)]
 25357 | Spider:2 | HP: 38/101 [jumping spider (2)]
 25605 | Spider:2 | You are sucked into a shaft and drop 1 floor!
 25667 | Spider:3 | Reached skill level 1 in Invocations
 25746 | Spider:3 | Reached XP level 17. HP: 89/107 MP: 0/0
 25746 | Spider:3 | Learned a level 6 spell: Death Channel
 25768 | Spider:3 | Reached skill level 2 in Invocations
 25986 | Spider:2 | HP: 46/102 [jorogumo (16)]
 26000 | Spider:2 | HP: 43/105 [jorogumo (14)]
 26307 | Spider:2 | HP: 47/107 [jorogumo (15)]
 26311 | Spider:2 | Reached skill level 3 in Invocations
 26902 | Spider:3 | Reached skill level 13 in Short Blades
 26943 | Spider:3 | Reached skill level 4 in Invocations
 27491 | Spider:4 | Entered Level 4 of the Spider Nest
 27568 | Spider:4 | Reached skill level 5 in Invocations
 27713 | Spider:4 | Found a runed translucent gate.
 27713 | Spider:4 | Found a runed translucent gate.
 27713 | Spider:4 | Found a runed translucent gate.
 27825 | Spider:4 | HP: 32/107 [disintegration (46)]
 27826 | Spider:4 | HP: 10/107 [meliai/divine providence (10)]
 27832 | Spider:4 | Noticed Cinej's ghost (adept SpEn)
 28425 | Spider:4 | Reached skill level 6 in Invocations
 28788 | Spider:3 | HP: 51/107 [mana viper[Cinej's ghost] (4)]
 28797 | Spider:3 | HP: 29/107 [mana viper[Cinej's ghost] (12)]
 28801 | Spider:3 | Killed Cinej's ghost
 29023 | Spider:4 | HP: 41/107 [emperor scorpion simulacrum (16)]
 29345 | Spider:4 | Identified the +2 pair of gloves of Lifelessness {Will++
                  | Int+5 Dex-5}
 29346 | Spider:4 | Identified the +2 pair of gloves "Qatreh" {Slay+3}
 29357 | Spider:4 | Acquired 718 gold pieces
 29934 | Spider:4 | Reached XP level 18. HP: 97/111 MP: 0/0
 30007 | Spider:4 | Reached skill level 15 in Spellcasting
 30007 | Spider:4 | Reached skill level 15 in Conjurations
 30007 | Spider:4 | Reached skill level 15 in Hexes
 30007 | Spider:4 | Reached skill level 15 in Summonings
 30007 | Spider:4 | Reached skill level 15 in Necromancy
 30007 | Spider:4 | Reached skill level 15 in Translocations
 30007 | Spider:4 | Reached skill level 15 in Fire Magic
 30007 | Spider:4 | Reached skill level 15 in Ice Magic
 30007 | Spider:4 | Reached skill level 15 in Air Magic
 30007 | Spider:4 | Reached skill level 15 in Earth Magic
 30007 | Spider:4 | Reached skill level 15 in Alchemy
 30016 | Spider:4 | Reached skill level 7 in Invocations
 30157 | Spider:4 | Reached skill level 14 in Short Blades
 30176 | Spider:4 | Found the +2 hood of the Assassin {Detect Stab+ Stlth++}
 30282 | Spider:4 | Identified the +2 pair of gloves of Understanding {rC+}
 30441 | Spider:4 | Reached skill level 8 in Invocations
 30552 | Spider:4 | Got a gossamer rune of Zot
 30706 | Shoals:1 | Entered Level 1 of the Shoals
 30706 | Shoals:1 | Noticed Louise
 30712 | Shoals:1 | Found Laluic's Gadget Gallery.
 30713 | Shoals:1 | Killed Louise
 30842 | Shoals:1 | Found Cavuyrph's Book Boutique.
 30846 | Shoals:1 | Reached skill level 9 in Invocations
 30921 | Shoals:1 | Found Gufir's Distillery.
 31120 | Shoals:1 | Bought a potion of haste for 190 gold pieces
 31120 | Shoals:1 | Bought a potion of heal wounds for 95 gold pieces
 31249 | Shoals:1 | Found Tomaalob's General Store.
 31335 | Shoals:1 | Found Tuiwathru's Book Emporium.
 31362 | Shoals:1 | Reached skill level 10 in Invocations
 31855 | Shoals:2 | Reached skill level 1 in Armour
 32095 | Shoals:2 | Reached skill level 3 in Dodging
 32128 | Shoals:2 | Found Wucodi's Jewellery Shop.
 32142 | Shoals:2 | Found Goenac's Distillery.
 32168 | Shoals:2 | Reached skill level 2 in Armour
 32205 | Shoals:2 | Bought a potion of heal wounds for 95 gold pieces
 32205 | Shoals:2 | Bought a potion of heal wounds for 95 gold pieces
 32205 | Shoals:2 | Bought a potion of heal wounds for 95 gold pieces
 32205 | Shoals:2 | Bought a potion of haste for 190 gold pieces
 32212 | Shoals:2 | Found Ychuzax's Assorted Antiques.
 32322 | Shoals:2 | Bought a scroll of blinking for 232 gold pieces
 32322 | Shoals:2 | Bought a heavily runed leather armour for 217 gold pieces
 32322 | Shoals:2 | Identified the +3 leather armour of Follow the Leader
                  | {rPois Str+3 Dex+3} (You bought it in a shop on level 2 of
                  | the Shoals)
 32886 | Shoals:3 | Reached skill level 4 in Dodging
 32957 | Shoals:3 | Reached skill level 3 in Armour
 33214 | Shoals:3 | HP: 44/113 [merfolk javelineer/javelin (20)]
 33676 | Shoals:3 | Found Cosoybudgh's Specific Store.
 33682 | Shoals:3 | Found Ichuroec's General Store.
 33963 | Shoals:4 | Entered Level 4 of the Shoals
 34013 | Shoals:4 | Reached skill level 5 in Dodging
 34013 | Shoals:4 | Reached XP level 19. HP: 117/117 MP: 0/0
 34013 | Shoals:4 | Learned a level 7 spell: Haunt
 34026 | Shoals:4 | Paralysed by an air elemental for 1 turns
 34028 | Shoals:4 | Paralysed by an air elemental for 1 turns
 34066 | Shoals:4 | Reached skill level 4 in Armour
 34375 | Shoals:4 | Reached skill level 11 in Fighting
 34375 | Shoals:4 | Reached skill level 11 in Shields
 34427 | Shoals:4 | Paralysed by an air elemental for 1 turns
 34440 | Shoals:4 | HP: 53/118 [merfolk javelineer/javelin (21)]
 34615 | Shoals:4 | Paralysed by an air elemental for 1 turns
 34776 | Shoals:4 | HP: 54/118 [merfolk javelineer/silver javelin (15)]
 35065 | Shoals:4 | Reached skill level 6 in Dodging
 35078 | Shoals:4 | Reached skill level 5 in Armour
 35084 | Shoals:4 | HP: 59/119 [merfolk javelineer/javelin (4)]
 35496 | Shoals:4 | Paralysed by an air elemental for 1 turns
 35696 | Shoals:4 | Identified the ring of Xom's Passing Interest {Will+ Str-4
                  | Int+8}
 35746 | Shoals:4 | Noticed a titan
 35748 | Shoals:4 | Killed a titan
 35750 | Shoals:4 | Got a barnacled rune of Zot
 35756 | Shoals:4 | Identified the ring of the Will of the Gods {Fire rPois
                  | Stlth+}
 35808 | Shoals:4 | Reached skill level 7 in Dodging
 35953 | Shoals:4 | Paralysed by an air elemental for 1 turns
 35968 | Shoals:4 | Reached skill level 6 in Armour
 36369 | Vaults:1 | Entered Level 1 of the Vaults
 36749 | Vaults:1 | Reached skill level 12 in Fighting
 36749 | Vaults:1 | Reached skill level 12 in Shields
 36996 | Vaults:1 | Reached skill level 8 in Dodging
 37166 | Vaults:1 | Reached XP level 20. HP: 121/126 MP: 0/0
 37174 | Vaults:1 | Reached skill level 7 in Armour
 38019 | Vaults:2 | Identified the +8 shortbow "Ofraihox" {drain, Int+5 Stlth-}
 38215 | Vaults:2 | Reached skill level 9 in Dodging
 38311 | Vaults:2 | Reached skill level 8 in Armour
 38618 | Vaults:2 | Found Mezxudd's Assorted Antiques.
 38622 | Vaults:2 | Bought a scroll of teleportation for 75 gold pieces
 38883 | Vaults:2 | Reached skill level 13 in Fighting
 38883 | Vaults:2 | Reached skill level 13 in Shields
 38904 | Vaults:2 | Identified the +5 rapier of Abomination {vamp, rF+ rN+}
 39595 | Vaults:3 | Reached skill level 10 in Dodging
 39709 | Vaults:3 | Reached skill level 9 in Armour
 40044 | Vaults:3 | HP: 65/130 [titan/the air (6)]
 40385 | Vaults:3 | Reached XP level 21. HP: 100/135 MP: 0/0
 40385 | Vaults:3 | Learned a level 8 spell: Lehudib's Crystal Spear
 40645 | Vaults:3 | Found the +5 glaive of the Guard {elec, spectral}
 40869 | Vaults:3 | Identified the +11 long sword "Lofur" {vamp, Str+2 SInv}
 40934 | Vaults:3 | Found a staircase to the Crypt.
 40934 | Vaults:3 | Found a basalt altar of Yredelemnul.
 41492 | Vaults:4 | Reached skill level 10 in Armour
 41520 | Vaults:4 | Reached skill level 14 in Fighting
 41520 | Vaults:4 | Reached skill level 14 in Shields
 41522 | Vaults:4 | Identified the +0 robe of the Wereyak {Str+5}
 41526 | Vaults:4 | Identified the +0 hat "Nessa" {^Drain Regen+ SInv}
 41859 | Vaults:4 | Found Kyribbyikk's Magic Scroll Boutique.
 41864 | Vaults:4 | Bought a scroll of teleportation for 69 gold pieces
 41864 | Vaults:4 | Bought a scroll of enchant weapon for 172 gold pieces
 42782 | Elf:1    | Entered Level 1 of the Elven Halls
 43004 | Elf:1    | Reached skill level 15 in Fighting
 43004 | Elf:1    | Reached skill level 15 in Shields
 43949 | Elf:2    | Reached XP level 22. HP: 144/144 MP: 0/0
 44318 | Elf:2    | Found a runed translucent door.
 44318 | Elf:2    | Found a runed translucent door.
 45571 | Elf:2    | Reached skill level 16 in Stealth
 45740 | Elf:3    | Entered Level 3 of the Elven Halls
 46082 | Elf:3    | Identified the +1 pair of gloves of Liberty {rElec Will+}
 46112 | Elf:3    | HP: 60/144 [+3 battleaxe of venom (23)]
 46121 | Elf:2    | HP: 54/144 [+3 battleaxe of venom (9)]
 46125 | Elf:2    | Reached skill level 16 in Shields
 46574 | Elf:3    | HP: 63/144 [deep elf sorcerer/damnation (22)]
 47059 | Elf:3    | Identified the staff "Eviscerator" {rPois Stlth+ Conj}
 47061 | Elf:3    | Identified the +9 dagger "Goahoero" {pain, rPois rC+}
 47079 | Elf:3    | Reached skill level 16 in Spellcasting
 47079 | Elf:3    | Reached skill level 16 in Conjurations
 47079 | Elf:3    | Reached skill level 16 in Hexes
 47079 | Elf:3    | Reached skill level 16 in Summonings
 47079 | Elf:3    | Reached skill level 16 in Necromancy
 47079 | Elf:3    | Reached skill level 16 in Translocations
 47079 | Elf:3    | Reached skill level 16 in Fire Magic
 47079 | Elf:3    | Reached skill level 16 in Ice Magic
 47079 | Elf:3    | Reached skill level 16 in Air Magic
 47079 | Elf:3    | Reached skill level 16 in Earth Magic
 47079 | Elf:3    | Reached skill level 16 in Alchemy
 47707 | Elf:3    | Reached XP level 23. HP: 136/149 MP: 0/0
 47707 | Elf:3    | Learned a level 7 spell: Enfeeble
 48018 | Depths:1 | Entered Level 1 of the Depths
 48030 | Depths:1 | Reached skill level 17 in Stealth
 48235 | Depths:1 | Found a gateway to Hell.
 48397 | Depths:1 | Found a one-way gate to the infinite horrors of the Abyss.
 48769 | Depths:1 | Found Umorr's Jewellery Shop.
 48769 | Depths:1 | Found Boamucri's Book Shoppe.
 48770 | Depths:1 | Found Esmi Pes's Jewellery Shop.
 49232 | Depths:2 | Found Qappeulo's Assorted Antiques.
 49281 | Depths:2 | Found Gozag's Assorted Antiques.
 49281 | Depths:2 | You are sucked into a shaft and drop 1 floor!
 49288 | Depths:3 | Noticed Mennas
 49353 | Depths:2 | HP: 64/149 [ettin/+0 great mace (21)]
 49568 | Depths:2 | Found an opulent altar of Gozag.
 49568 | Depths:2 | Noticed a golden dragon
 49576 | Depths:2 | Noticed a golden dragon
 49593 | Depths:2 | Killed a golden dragon
 49601 | Depths:2 | Found a transporter.
 49601 | Depths:2 | Noticed Norris
 49623 | Depths:2 | Killed Norris
 49630 | Depths:2 | Found Gozag's Antique Weapon Emporium.
 49635 | Depths:2 | Reached skill level 17 in Spellcasting
 49635 | Depths:2 | Reached skill level 17 in Conjurations
 49635 | Depths:2 | Reached skill level 17 in Hexes
 49635 | Depths:2 | Reached skill level 17 in Summonings
 49635 | Depths:2 | Reached skill level 17 in Necromancy
 49635 | Depths:2 | Reached skill level 17 in Translocations
 49635 | Depths:2 | Reached skill level 17 in Fire Magic
 49635 | Depths:2 | Reached skill level 17 in Ice Magic
 49635 | Depths:2 | Reached skill level 17 in Air Magic
 49635 | Depths:2 | Reached skill level 17 in Earth Magic
 49635 | Depths:2 | Reached skill level 17 in Alchemy
 49639 | Depths:2 | Found a transporter.
 49698 | Depths:2 | Noticed Vegox's ghost (adept MiHs)
 49728 | Depths:2 | Found Gozag's Antique Armour Shoppe.
 49855 | Depths:2 | Identified the +0 leather armour of the Orb Guardian {Fly
                  | Str+3 Stlth+}
 50052 | Depths:2 | Found an iron altar of Okawaru.
 50158 | Depths:2 | Found a one-way gate leading to the halls of Pandemonium.
 50160 | Depths:2 | Reached skill level 18 in Stealth
 50911 | Depths:3 | Reached XP level 24. HP: 110/155 MP: 0/0
 50925 | Depths:3 | Identified the orb of Faro {*channel, +Inv Regen+}
 50925 | Depths:3 | Noticed Frederick
 50930 | Depths:3 | HP: 70/153 [Frederick (12)]
 50942 | Depths:3 | Killed Frederick
 50947 | Depths:3 | HP: 72/155 [rakshasa collision (13)]
 51299 | Depths:3 | Found a one-way gateway to a ziggurat.
 51381 | Depths:3 | HP: 71/155 [red very ugly thing[a deep elf demonologist]
                  | (9)]
 51381 | Depths:3 | HP: 26/155 [???[a deep elf demonologist] (45)]
 51699 | Depths:3 | Killed Mennas
 51829 | Depths:3 | Found Luam's General Store.
 52115 | Depths:3 | Found Kowkuq's General Store.
 52118 | Depths:3 | Bought a potion of heal wounds for 115 gold pieces
 52176 | Depths:3 | Found Quihowiogu's Weapon Shop.
 52284 | Depths:3 | Found Jinuahuto's Assorted Antiques.
 52287 | Depths:3 | Found Dam Voym's Antique Weapon Shoppe.
 52292 | Depths:3 | Bought a scroll of blinking for 225 gold pieces
 52292 | Depths:3 | Bought a scroll of blinking for 225 gold pieces
 52321 | Depths:3 | Bought a glowing demon blade for 648 gold pieces
 52349 | Depths:4 | Entered Level 4 of the Depths
 52594 | Depths:4 | Reached skill level 19 in Stealth
 52622 | Depths:4 | Reached skill level 18 in Spellcasting
 52622 | Depths:4 | Reached skill level 18 in Conjurations
 52622 | Depths:4 | Reached skill level 18 in Hexes
 52622 | Depths:4 | Reached skill level 18 in Summonings
 52622 | Depths:4 | Reached skill level 18 in Necromancy
 52622 | Depths:4 | Reached skill level 18 in Translocations
 52622 | Depths:4 | Reached skill level 18 in Fire Magic
 52622 | Depths:4 | Reached skill level 18 in Ice Magic
 52622 | Depths:4 | Reached skill level 18 in Air Magic
 52622 | Depths:4 | Reached skill level 18 in Earth Magic
 52622 | Depths:4 | Reached skill level 18 in Alchemy
 52656 | Depths:4 | Noticed a juggernaut
 52662 | Depths:4 | Killed a juggernaut
 52826 | Depths:4 | Noticed a golden dragon
 52829 | Depths:4 | Killed a golden dragon
 52899 | Depths:4 | Noticed a golden dragon
 52915 | Depths:4 | Killed a golden dragon
 52928 | Depths:4 | Noticed a golden dragon
 52933 | Depths:4 | HP: 71/155 [quicksilver dragon (2)]
 52938 | Depths:4 | Noticed a caustic shrike
 52938 | Depths:4 | Noticed a caustic shrike
 52938 | Depths:4 | Noticed a caustic shrike
 52941 | Depths:4 | HP: 46/155 [spark wasp (19)]
 53246 | Depths:4 | Noticed a caustic shrike
 53246 | Depths:4 | Noticed a caustic shrike
 53246 | Depths:4 | Noticed a caustic shrike
 53246 | Depths:4 | Noticed a caustic shrike
 53265 | Depths:3 | Killed a caustic shrike
 53403 | Depths:4 | Killed a caustic shrike
 53435 | Depths:4 | Killed a caustic shrike
 53439 | Depths:4 | Killed a caustic shrike
 53580 | Depths:4 | Noticed a caustic shrike
 53583 | Depths:4 | Noticed a caustic shrike
 53592 | Depths:4 | Killed a caustic shrike
 53599 | Depths:4 | Killed a caustic shrike
 53612 | Depths:4 | Noticed a caustic shrike
 53612 | Depths:4 | Killed a caustic shrike
 53614 | Depths:4 | Killed a caustic shrike
 53616 | Depths:4 | HP: 76/155 [acid (5)]
 53618 | Depths:4 | Killed a caustic shrike
 53618 | Depths:4 | Killed a caustic shrike
 53711 | Depths:4 | Reached XP level 25. HP: 100/160 MP: 0/0
 53711 | Depths:4 | Learned a level 9 spell: Death's Door
 53951 | Depths:4 | Found a gate to the Realm of Zot.
 54777 | Crypt:1  | Entered Level 1 of the Crypt
 54780 | Crypt:1  | Noticed Sojobo
 54788 | Crypt:1  | Killed Sojobo
 54789 | Crypt:1  | Reached skill level 20 in Stealth
 54825 | Crypt:1  | Reached skill level 19 in Spellcasting
 54825 | Crypt:1  | Reached skill level 19 in Conjurations
 54825 | Crypt:1  | Reached skill level 19 in Hexes
 54825 | Crypt:1  | Reached skill level 19 in Summonings
 54825 | Crypt:1  | Reached skill level 19 in Necromancy
 54825 | Crypt:1  | Reached skill level 19 in Translocations
 54825 | Crypt:1  | Reached skill level 19 in Fire Magic
 54825 | Crypt:1  | Reached skill level 19 in Ice Magic
 54825 | Crypt:1  | Reached skill level 19 in Air Magic
 54825 | Crypt:1  | Reached skill level 19 in Earth Magic
 54825 | Crypt:1  | Reached skill level 19 in Alchemy
 54987 | Crypt:1  | Identified the +4 robe "Fesmit" {rF++}
 54987 | Crypt:1  | Noticed Boris
 55014 | Crypt:1  | Killed Boris
 55262 | Crypt:1  | Identified the +3 war axe of Resonant Defence {antimagic,
                  | rF+ Dex+3}
 56038 | Crypt:2  | Found a basalt altar of Yredelemnul.
 56341 | Crypt:2  | Found a basalt altar of Yredelemnul.
 56506 | Crypt:2  | HP: 70/160 [skeletal warrior/+0 mace[an ancient champion]
                  | (12)]
 57372 | Crypt:3  | Entered Level 3 of the Crypt
 57384 | Crypt:3  | Reached skill level 20 in Spellcasting
 57384 | Crypt:3  | Reached skill level 20 in Conjurations
 57384 | Crypt:3  | Reached skill level 20 in Hexes
 57384 | Crypt:3  | Reached skill level 20 in Summonings
 57384 | Crypt:3  | Reached skill level 20 in Necromancy
 57384 | Crypt:3  | Reached skill level 20 in Translocations
 57384 | Crypt:3  | Reached skill level 20 in Fire Magic
 57384 | Crypt:3  | Reached skill level 20 in Ice Magic
 57384 | Crypt:3  | Reached skill level 20 in Air Magic
 57384 | Crypt:3  | Reached skill level 20 in Earth Magic
 57384 | Crypt:3  | Reached skill level 20 in Alchemy
 57389 | Crypt:3  | Noticed a dread lich
 57402 | Crypt:3  | Killed a dread lich
 57703 | Crypt:3  | Identified the +2 robe of the Grue {rC+++ Str+5}
 57703 | Crypt:3  | Noticed Boris
 57713 | Crypt:3  | HP: 35/160 [Boris/iron shot (61)]
 57725 | Crypt:3  | HP: 38/160 [flayed ghost (2)]
 58087 | Crypt:3  | Found a staircase to the Tomb.
 58141 | Crypt:3  | Killed Boris
 58142 | Crypt:3  | Reached XP level 26. HP: 124/165 MP: 0/0
 58171 | Crypt:3  | HP: 72/165 [death knight/+4 heavy broad axe (27)]
 58673 | Crypt:3  | Reached skill level 11 in Dodging
 58780 | Crypt:3  | Reached skill level 11 in Armour
 59977 | Crypt:3  | Noticed Jory
 59993 | Crypt:3  | Killed Jory
 60065 | Crypt:3  | Identified the staff "Egierphebb" {rPois rN+ Necro}
 60071 | Crypt:3  | Identified the +5 battleaxe of Fate {holy, rCorr}
 60400 | Depths:1 | Voluntarily entered the Abyss.
 60402 | Abyss:1  | Found a corrupted altar of Lugonu.
 60408 | Abyss:1  | Found a runed translucent gate.
 60418 | Abyss:1  | Found a runed translucent gate.
 60418 | Abyss:1  | Found a runed translucent gate.
 60564 | Abyss:3  | Got an abyssal rune of Zot
 60569 | Abyss:3  | HP: 77/165 [spatial maelstrom (4)]
 60581 | Abyss:3  | HP: 53/165 [raiju/living lightning (3)]
 60589 | Depths:1 | Escaped the Abyss
 60966 | Zot:1    | Entered Level 1 of the Realm of Zot
 60966 | Zot:1    | Noticed an orb of fire
 60969 | Zot:1    | Killed an orb of fire
 61037 | Zot:1    | Reached skill level 12 in Dodging
 61051 | Zot:1    | HP: 50/165 [purple draconian/bolt of dispelling energy[a
                  | green draconian monk] (38)]
 61084 | Zot:1    | HP: 56/165 [death cob (2)]
 61361 | Zot:1    | You are sucked into a shaft and drop 1 floor!
 61392 | Zot:2    | Found a corrupted altar of Lugonu.
 61416 | Zot:2    | Reached skill level 12 in Armour
 61741 | Zot:2    | HP: 63/165 [quicksilver dragon/bolt of dispelling energy
                  | (39)]
 62098 | Zot:1    | Identified the ring of the Noxious Fig {Ice Will+ Dex+3}
 62098 | Zot:1    | Noticed Josephina
 62115 | Zot:1    | HP: 64/165 [purple draconian/bolt of dispelling energy
                  | (28)]
 62144 | Depths:4 | HP: 79/165 [storm dragon/bolt of lightning (11)]
 62150 | Depths:4 | HP: 56/165 [storm dragon/bolt of lightning (10)]
 62155 | Depths:4 | HP: 51/165 [storm dragon/bolt of lightning (7)]
 62157 | Depths:4 | Reached skill level 21 in Spellcasting
 62157 | Depths:4 | Reached skill level 21 in Conjurations
 62157 | Depths:4 | Reached skill level 21 in Hexes
 62157 | Depths:4 | Reached skill level 21 in Summonings
 62157 | Depths:4 | Reached skill level 21 in Necromancy
 62157 | Depths:4 | Reached skill level 21 in Translocations
 62157 | Depths:4 | Reached skill level 21 in Fire Magic
 62157 | Depths:4 | Reached skill level 21 in Ice Magic
 62157 | Depths:4 | Reached skill level 21 in Air Magic
 62157 | Depths:4 | Reached skill level 21 in Earth Magic
 62157 | Depths:4 | Reached skill level 21 in Alchemy
 62484 | Depths:4 | Killed Josephina
 63065 | Zot:1    | Reached XP level 27. HP: 112/171 MP: 0/0
 63065 | Zot:1    | Learned a level 9 spell: Chain Lightning
 63087 | Zot:1    | HP: 78/171 [something (16)]
 63111 | Zot:1    | HP: 34/171 [purple draconian shifter/bolt of dispelling
                  | energy[a purple draconian shifter] (24)]
 63119 | Zot:1    | HP: 48/171 [bone dragon (5)]
 63378 | Zot:1    | Noticed a dread lich
 63417 | Zot:1    | HP: 61/168 [???[a dread lich] (47)]
 63418 | Zot:1    | Killed a dread lich
 64402 | Zot:1    | Reached skill level 22 in Spellcasting
 64402 | Zot:1    | Reached skill level 22 in Conjurations
 64402 | Zot:1    | Reached skill level 22 in Hexes
 64402 | Zot:1    | Reached skill level 22 in Summonings
 64402 | Zot:1    | Reached skill level 22 in Necromancy
 64402 | Zot:1    | Reached skill level 22 in Translocations
 64402 | Zot:1    | Reached skill level 22 in Fire Magic
 64402 | Zot:1    | Reached skill level 22 in Ice Magic
 64402 | Zot:1    | Reached skill level 22 in Air Magic
 64402 | Zot:1    | Reached skill level 22 in Earth Magic
 64402 | Zot:1    | Reached skill level 22 in Alchemy
 64525 | Zot:1    | Identified the -2 buckler "Puroat" {Harm rPois rN+}
 66650 | Zot:3    | Reached skill level 23 in Spellcasting
 66650 | Zot:3    | Reached skill level 23 in Conjurations
 66650 | Zot:3    | Reached skill level 23 in Hexes
 66650 | Zot:3    | Reached skill level 23 in Summonings
 66650 | Zot:3    | Reached skill level 23 in Necromancy
 66650 | Zot:3    | Reached skill level 23 in Translocations
 66650 | Zot:3    | Reached skill level 23 in Fire Magic
 66650 | Zot:3    | Reached skill level 23 in Ice Magic
 66650 | Zot:3    | Reached skill level 23 in Air Magic
 66650 | Zot:3    | Reached skill level 23 in Earth Magic
 66650 | Zot:3    | Reached skill level 23 in Alchemy
 67424 | Zot:3    | Identified the ring "Himejen" {rElec rF+ MP+9 Str+2 Slay+3}
 68204 | Zot:4    | HP: 82/171 [purple draconian/bolt of dispelling energy[a
                  | red draconian scorcher] (16)]
 69202 | Zot:4    | Reached skill level 24 in Spellcasting
 69202 | Zot:4    | Reached skill level 24 in Conjurations
 69202 | Zot:4    | Reached skill level 24 in Hexes
 69202 | Zot:4    | Reached skill level 24 in Summonings
 69202 | Zot:4    | Reached skill level 24 in Necromancy
 69202 | Zot:4    | Reached skill level 24 in Translocations
 69202 | Zot:4    | Reached skill level 24 in Fire Magic
 69202 | Zot:4    | Reached skill level 24 in Ice Magic
 69202 | Zot:4    | Reached skill level 24 in Air Magic
 69202 | Zot:4    | Reached skill level 24 in Earth Magic
 69202 | Zot:4    | Reached skill level 24 in Alchemy
 69397 | Zot:5    | Entered Level 5 of the Realm of Zot
 70643 | Zot:5    | Noticed an ancient lich
 70646 | Zot:5    | Noticed an ancient lich
 70768 | Zot:5    | Noticed an ancient lich
 70812 | Zot:5    | Noticed a dread lich
 70815 | Zot:5    | Killed a dread lich
 71043 | Zot:5    | Killed an ancient lich
 71075 | Zot:5    | Killed an ancient lich
 71236 | Zot:5    | Noticed a Killer Klown
 71264 | Zot:5    | Noticed an orb of fire
 71271 | Zot:5    | Noticed an orb of fire
 71274 | Zot:5    | Noticed an orb of fire
 71274 | Zot:5    | Gained mutation: Potions are less effective at restoring
                  | your health. [an orb of fire]
 71282 | Zot:5    | Killed an orb of fire
 71284 | Zot:5    | Killed an orb of fire
 71294 | Zot:5    | Killed an orb of fire
 71299 | Zot:5    | HP: 3/171 [Orb Guardian (29)]
 71728 | Zot:5    | Reached skill level 25 in Spellcasting
 71728 | Zot:5    | Reached skill level 25 in Conjurations
 71728 | Zot:5    | Reached skill level 25 in Hexes
 71728 | Zot:5    | Reached skill level 25 in Summonings
 71728 | Zot:5    | Reached skill level 25 in Necromancy
 71728 | Zot:5    | Reached skill level 25 in Translocations
 71728 | Zot:5    | Reached skill level 25 in Fire Magic
 71728 | Zot:5    | Reached skill level 25 in Ice Magic
 71728 | Zot:5    | Reached skill level 25 in Air Magic
 71728 | Zot:5    | Reached skill level 25 in Earth Magic
 71728 | Zot:5    | Reached skill level 25 in Alchemy
 71896 | Zot:5    | Noticed an orb of fire
 71914 | Zot:5    | Killed an orb of fire
 71936 | Zot:5    | Noticed an orb of fire
 72197 | Zot:5    | Noticed a Killer Klown
 72209 | Zot:5    | Killed an orb of fire
 72209 | Zot:5    | Killed a Killer Klown
 72211 | Zot:5    | Noticed an orb of fire
 72214 | Zot:5    | Noticed an orb of fire
 72216 | Zot:5    | HP: 73/171 [orb of fire/bolt of fire (16)]
 72216 | Zot:5    | Killed an orb of fire
 72220 | Zot:5    | Killed an orb of fire
 72225 | Zot:5    | Noticed an orb of fire
 72226 | Zot:5    | HP: 61/171 [orb of fire/fireball (9)]
 72234 | Zot:5    | HP: 50/171 [Killer Klown/+11 club of electrocution (8)]
 72239 | Zot:5    | Killed a Killer Klown
 72241 | Zot:5    | Gained mutation: You are dopey. (Int -2) [an orb of fire]
 72246 | Zot:5    | Gained mutation: You occasionally lose the ability to read
                  | scrolls when taking damage. [an orb of fire]
 72248 | Zot:5    | Noticed an orb of fire
 72589 | Zot:4    | Lost mutation: You occasionally lose the ability to read
                  | scrolls when taking damage. [potion of mutation]
 72589 | Zot:4    | Lost mutation: Potions are less effective at restoring your
                  | health. [potion of mutation]
 72589 | Zot:4    | Lost mutation: You are dopey. (Int -2) [potion of mutation]
 72589 | Zot:4    | Gained mutation: You are partially covered in iridescent
                  | scales. (AC +2) [potion of mutation]
 72589 | Zot:4    | Gained mutation: You are agile. (Dex +4, Str/Int -1)
                  | [potion of mutation]
 72592 | Zot:5    | Noticed an ancient lich
 72594 | Zot:5    | Noticed an orb of fire
 72600 | Zot:4    | Killed an orb of fire
 72694 | Zot:4    | Killed an orb of fire
 72923 | Zot:4    | Gained mutation: You expend health (3 HP) to strengthen
                  | your wands. [an orb of fire]
 72934 | Zot:4    | Killed an orb of fire
 73502 | Zot:5    | Killed an ancient lich
 73680 | Zot:5    | Killed an ancient lich
 73871 | Zot:5    | Reached skill level 26 in Spellcasting
 73871 | Zot:5    | Reached skill level 26 in Conjurations
 73871 | Zot:5    | Reached skill level 26 in Hexes
 73871 | Zot:5    | Reached skill level 26 in Summonings
 73871 | Zot:5    | Reached skill level 26 in Necromancy
 73871 | Zot:5    | Reached skill level 26 in Translocations
 73871 | Zot:5    | Reached skill level 26 in Fire Magic
 73871 | Zot:5    | Reached skill level 26 in Ice Magic
 73871 | Zot:5    | Reached skill level 26 in Air Magic
 73871 | Zot:5    | Reached skill level 26 in Earth Magic
 73871 | Zot:5    | Reached skill level 26 in Alchemy
 74180 | Zot:5    | Got the Orb of Zot
 74203 | Zot:5    | Noticed an ancient lich
 74448 | Depths:4 | Noticed Nuses Rorgh the pandemonium lord
 74900 | D:$      | Escaped with the Orb!

Illustrated notes

Levels and vault maps discovered:
D:1:      kb_arrival_jail, layout_loops_cross, serial_shops, shop,
          minmay_small_reverse_x
D:2:      layout_loops_ring
D:3:      layout_rooms, uniq_terence
D:4:      wander_river, layout_rooms, serial_shops, nicolae_take_the_stairs,
          nicolae_ossuary_entry_ruins, ebering_ghost_sewer_d, kennysheep_dice
D:5:      layout_basic, marbit_many_paths, uniq_sigmund, uniq_menkaure
D:6:      layout_rooms, mainiacjoe_overflow_paths,
          minmay_temple_entry_enclosed_plants, gup_sewer_entry_pipe,
          uniq_jeremiah, uniq_grinder, uniq_maggie
D:7:      layout_rooms, fiery_altar_vehumet, blue_anna_alchemist,
          kennysheep_crisscross
D:8:      layout_loops_corners, old_standard_altar,
          regret_index_xom_buried_treasure, enter_bailey_8, uniq_maurice,
          uniq_pikel
D:9:      layout_cave_pools, nicolae_overflow_crystal_walls,
          grunt_gozag_breadcrumbs
D:10:     minmay_the_grid_four_pointed_star
          [minmay_the_grid_triangle_9x9_wacky_v,
          minmay_the_grid_triangle_9x9_cache,
          minmay_the_grid_triangle_9x9_empty,
          minmay_the_grid_triangle_9x9_longest,
          minmay_the_grid_prize_four_corners_diamond_a], layout_rooms,
          grunt_dithmenos_shadows, serial_corexii_hall, corexii_hall_statues_t,
          chequers_hall_statues_corner_a, chequers_hall_statues_wall_a,
          chequers_hall_statues_wall_a, grunt_ministairs_8, nrook_campfire,
          uniq_erolcha
D:11:     layout_basic, minmay_lair_entry_grove, orc_david_3,
          gauntlet_entry_generic
D:12:     layout_irregular_city, serial_shops, nicolae_shop_overgrown_old_shop,
          shop, nicolae_lakefront_shop, uniq_rupert
D:13:     layout_irregular_city, erik_vaults_1, serial_column_ruins,
          column_ruins_grid_1, column_ruins_columns_corner,
          column_ruins_open_large, column_ruins_open_medium,
          column_ruins_open_medium, gammafunk_ghost_nasty_kobolds
D:14:     layout_irregular_city, hex_medium
D:15:     grunt_enter_depths_snipers, layout_cave_pools, enter_trove_1,
          uniq_jorgrun, uniq_kirke
Temple:   eino_temple_water
Lair:1:   layout_long_grid, grunt_megastairs_4, uniq_gastronok
Lair:2:   layout_regular_city, minmay_shoals_entry_hut,
          nicolae_lair_run_with_the_wolves
Lair:3:   layout_gridlike, spider_nest_entry_a, minmay_lair_oklob_items,
          serial_bayou_shore_b, infiniplex_staircase_pool, lemuel_fruit_fields,
          uniq_urug
Lair:4:   layout_cave_pods, infiniplex_staircase_pool_2
Lair:5:   hangedman_lair_in_review, layout_regular_city,
          nicolae_slime_entry_slimehenge, chequers_serial_rivers_micro_d,
          gammafunk_lair_bear_cave
Shoals:1: layout_shoals, serial_shops, nicolae_shop_getting_attention, shop,
          shop, shop, nicolae_shop_gadgets, uniq_louise
Shoals:2: layout_shoals, serial_shops, shop, nicolae_shop_crystal,
          abandoned_shop, nicolae_stop_n_shop_1
Shoals:3: layout_shoals, nicolae_specific_store
Shoals:4: shoals_end_hellmonk_storm_palace [storm_palace_center_circular,
          storm_palace_corner_narrow, storm_palace_corner_grid,
          storm_palace_corner_narrow, storm_palace_corner_narrow]
Spider:1: layout_spider_delve
Spider:2: layout_spider_delve, nicolae_spider_world_wide_web, uniq_arachne
Spider:3: layout_spider_delve
Spider:4: guppyfry_spider_rune, special_room [special_room_bee],
          gammafunk_ghost_necromancy, nicolae_spider_webs_and_nodes,
          nicolae_spider_eight_legs
Orc:1:    layout_caves
Orc:2:    grunt_orc_tribal_feast, layout_caves, serial_shops, shop,
          nicolae_lakefront_shop, nicolae_square_shop, shop,
          nicolae_shop_tiny_glass, uniq_nessos
Elf:1:    eino_elf_arrival_the_gate, layout_geoelf_octagon,
          nicolae_elf_blasts_and_bolts, grunt_ministairs_7
Elf:2:    nicolae_elf_blades_splatter_lattice
          [nicolae_blade_entry_splitting_headache], layout_rooms
Elf:3:    grunt_elf_hall_branching, layout_loops_cross, special_room
          [special_room_mythical_zoo]
Vaults:1: v_misc_12, vaults_dpeg_doors, nicolae_vaults_door_testing_chamber,
          v_misc_33, grunt_vaults_twisty, v_misc_23,
          nicolae_vaults_tetromino_T_1, special_room_vaults [special_room_orc],
          layout_vaults_chaotic_city
Vaults:2: nicolae_vaults_mini_display_case, nicolae_vaults_frosty_reception,
          nicolae_vaults_border_crossing, grunt_vaults_trifunnel,
          hangedman_vaults_slice, nicolae_vaults_turnstiles,
          nicolae_vaults_storage_room_doors, vaults_dpeg_cross,
          nicolae_vaults_circle_grid_a, nicolae_vaults_cochlea,
          nicolae_vaults_tetromino_T_2, st_lines, layout_vaults_ring,
          serial_shops, nicolae_shop_back_alley_shop
Vaults:3: nicolae_vaults_weapon_check, minmay_guarded_unrand_guard_vaults,
          minmay_crypt_entry_necro_gods, vaults_dpeg_emergency_exit,
          nicolae_vaults_ring_of_whatevers, vaults_mumra_lcd,
          layout_vaults_omnigrid
Vaults:4: ontoclasm_vaults_ligature, ontoclasm_vaults_spin, v_misc_2,
          hangedman_vaults_stitches, hangedman_vaults_stretched_pinwheel,
          nicolae_vaults_storage_closets_1, nicolae_vaults_more_shelving_2,
          v_misc_9, grunt_vaults_hallway_short, grunt_tower_of_power, v_misc_17,
          layout_vaults_maze, serial_shops, shop_statue
Crypt:1:  layout_basic, minivault_24, uniq_boris, uniq_margery, uniq_sojobo
Crypt:2:  layout_gridlike, hangedman_crypt_dual_shrines
Crypt:3:  due_elkab, layout_chaotic_city, tomb_entry_simple_bobbens
Depths:1: layout_forbidden_donut, abyss_entry_crystal,
          serial_library_hellmonk_secret_room, grunt_hell_entry_dis_mu,
          serial_glass, glass_columns_b, glass_columns_b,
          kennysheep_generic_room_13, minmay_shop_grove
Depths:2: kennysheep_gozag_temple, layout_cave_pools, serial_shops, shop,
          hell_entry, gammafunk_ghost_arena, grunt_pan_entry_zigzag,
          hellmonk_okawaru_the_only_friend_you_need,
          hangedman_stitches_earthworm, uniq_norris
Depths:3: minmay_box_of_statues, layout_cave_shapes, enter_ziggurat_a,
          hangedman_decor_slide_cut, serial_shops, kennysheep_mini_moat,
          nicolae_shop_behind_doors, nicolae_shop_pleasant_corner_grove, shop,
          shop, nicolae_abyss_entry_one_way_or_another, hell_entry,
          uniq_frederick, uniq_mennas
Depths:4: grunt_runaround [grunt_runaround_zot, grunt_runaround_doors_1,
          grunt_runaround_doors_2, grunt_runaround_doors_3,
          grunt_runaround_doors_4], hell_entry, abyss_entry
Zot:1:    hangedman_snap_crack_crunch, layout_onion_interference,
          st_large_dragon_hoard_4, uniq_josephina
Zot:2:    nicolae_zot_draconian_monastery, layout_gridlike, grunt_ministairs_1
Zot:3:    layout_cathedral_of_symmetry, grunt_ministairs_7
Zot:4:    layout_twisted_circle, bh_zot_levy_curve
Zot:5:    layout_gridlike, grunt_ministairs_4

Skill      XL: |  1  2  3  4  5  6  7  8  9 10 11 12 13 14 15 16 17 18 19 20 21 22 23 24 25 26 27 |
---------------+----------------------------------------------------------------------------------+-----
Spellcasting   | 3 4 5 6 8 9 10 11 12 13 14 15 16 17 18 20 21 26 | 26.2
Conjurations   | 3 4 5 6 8 9 10 11 12 13 14 15 16 17 18 20 21 26 | 26.2
Hexes          | 3 4 5 6 8 9 10 11 12 13 14 15 16 17 18 20 21 26 | 26.2
Summonings     | 3 4 5 6 8 9 10 11 12 13 14 15 16 17 18 20 21 26 | 26.2
Necromancy     | 3 4 5 6 8 9 10 11 12 13 14 15 16 17 18 20 21 26 | 26.2
Translocations | 3 4 5 6 8 9 10 11 12 13 14 15 16 17 18 20 21 26 | 26.2
Fire Magic     | 3 4 5 6 8 9 10 11 12 13 14 15 16 17 18 20 21 26 | 26.2
Ice Magic      | 3 4 5 6 8 9 10 11 12 13 14 15 16 17 18 20 21 26 | 26.2
Air Magic      | 3 4 5 6 8 9 10 11 12 13 14 15 16 17 18 20 21 26 | 26.2
Earth Magic    | 3 4 5 6 8 9 10 11 12 13 14 15 16 17 18 20 21 26 | 26.2
Alchemy        | 3 4 5 6 8 9 10 11 12 13 14 15 16 17 18 20 21 26 | 26.2
Short Blades   | 1 2 3 5 6 8 9 11 12 13 14 | 14.0
Fighting       | 1 2 4 5 7 9 10 12 13 15 | 15.0
Shields        | 2 6 8 10 12 13 15 16 | 16.0
Stealth        | 3 6 8 11 13 15 16 18 19 20 | 20.0
Invocations    | 1 6 10 | 10.0
Armour         | 3 6 9 10 12 | 12.1
Dodging        | 5 8 10 12 | 12.4

Action                     |  1- 3 |  4- 6 |  7- 9 | 10-12 | 13-15 | 16-18 | 19-21 | 22-24 | 25-27 || total
---------------------------+-------+-------+-------+-------+-------+-------+-------+-------+-------++-------
  Melee: Dagger            |    60 |       |       |       |       |       |       |       |       ||    60
         Short sword       |    13 |   204 |   184 |   287 |   193 |       |       |       |       ||   881
         Quick blade       |       |       |       |       |   933 |  1588 |  1843 |  1777 |  2812 ||  8953
  Throw: Dart              |       |     5 |       |     2 |       |       |       |       |       ||     7
   Cast: Ensorcelled Hiber |    10 |       |     1 |    22 |    33 |     1 |       |       |       ||    67
         Sandblast         |       |    10 |    27 |    23 |       |       |       |       |       ||    60
         Scorch            |       |       |    34 |   146 |    32 |     2 |       |       |       ||   214
         Call Canine Famil |       |       |     7 |    19 |     6 |     5 |       |       |     3 ||    40
         Tukima's Dance    |       |       |     1 |    35 |    25 |       |       |       |       ||    61
         Dazzling Flash    |       |       |     1 |    12 |    38 |    17 |       |       |       ||    68
         Confusing Touch   |       |       |     1 |     5 |     2 |    32 |       |       |       ||    40
         Summon Mana Viper |       |       |       |       |    14 |    45 |     4 |    10 |    21 ||    94
         Blink             |       |       |       |       |     1 |     1 |       |     1 |     2 ||     5
         Passage of Golubr |       |       |       |       |     3 |     6 |       |     2 |     8 ||    19
         Death Channel     |       |       |       |       |       |       |    12 |    20 |     3 ||    35
         Haunt             |       |       |       |       |       |       |       |    15 |    26 ||    41
         Enfeeble          |       |       |       |       |       |       |       |    28 |   190 ||   218
         Lehudib's Crystal |       |       |       |       |       |       |       |       |    69 ||    69
         Death's Door      |       |       |       |       |       |       |       |       |     1 ||     1
 Invoke: Ancestor Life: He |       |       |       |     1 |       |       |       |       |       ||     1
         Recall Ancestor   |       |       |       |     2 |     6 |    10 |     3 |     3 |    22 ||    46
         Idealise          |       |       |       |       |       |       |       |       |     3 ||     3
         Transference      |       |       |       |       |       |       |       |       |     1 ||     1
  Evoke: Wand              |       |     2 |     5 |     9 |     3 |     2 |       |       |     3 ||    24
         Sack of spiders   |       |       |       |     1 |       |       |       |       |       ||     1
    Use: Scroll            |       |       |       |     7 |    12 |     5 |    11 |    11 |    20 ||    66
         Potion            |       |       |       |     6 |       |    13 |       |     4 |    13 ||    36
   Stab: Sleeping          |     9 |     3 |     5 |     4 |    31 |    27 |    27 |    11 |    19 ||   136
         Paralysed         |       |       |     3 |       |    15 |    60 |    52 |    39 |    84 ||   253
         Confused          |       |       |     1 |    13 |    19 |    68 |   108 |    59 |   114 ||   382
         Invisible         |       |       |       |     5 |    17 |    25 |       |    24 |   136 ||   207
         Distracted        |       |       |       |     3 |    13 |    17 |    21 |    24 |    50 ||   128
         Petrifying        |       |       |       |       |       |       |       |       |     1 ||     1
 Armour: Robe              |    33 |   154 |    86 |       |       |       |       |       |       ||   273
         Steam dragon scal |       |       |     7 |   223 |       |       |       |       |       ||   230
         Quicksilver drago |       |       |       |     8 |   518 |   501 |   332 |   350 |   669 ||  2378
  Dodge: Dodged            |    43 |   161 |    88 |   152 |   167 |   267 |   237 |   278 |   499 ||  1892
  Block: Kite shield       |       |       |       |    11 |   515 |   871 |   643 |   673 |  1076 ||  3789
         Reflection        |       |       |       |       |       |     9 |    43 |    31 |     9 ||    92

Table legend: (Time is in decaauts)
 A = Elapsed time spent in this place.
 B = Non-inter-level travel time spent in this place.
 C = Inter-level travel time spent in this place.
 D = Time resting spent in this place.
 E = Time spent auto-exploring this place.
 F = Levels seen in this place.
 G = Mean time per level.
                   A        B        C        D        E       F      G
               +--------+--------+--------+--------+--------+-----+--------+
         Total |  73097 |  67446 |   5651 |  10344 |  43191 |  58 | 1260.3 |
       Dungeon |  14752 |  12949 |   1803 |    798 |   9512 |  15 |  983.5 |
        Temple |     62 |      1 |     61 |      0 |      0 |   1 |   62.0 |
          Lair |   6114 |   5455 |    659 |    339 |   4033 |   5 | 1222.8 |
        Shoals |   5359 |   5050 |    309 |    151 |   3883 |   4 | 1339.8 |
   Spider Nest |   6724 |   6118 |    606 |   1532 |   3146 |   4 | 1681.0 |
  Orcish Mines |   1624 |   1432 |    192 |     13 |    946 |   2 |  812.0 |
   Elven Halls |   4911 |   4672 |    239 |    845 |   2876 |   3 | 1637.0 |
        Vaults |   6285 |   5837 |    448 |    122 |   4692 |   4 | 1571.2 |
         Crypt |   5164 |   4906 |    258 |    653 |   3196 |   3 | 1721.3 |
        Depths |   8269 |   7711 |    558 |   2068 |   4331 |   4 | 2067.2 |
           Zot |  11694 |  11180 |    514 |   3442 |   5804 |   5 | 2338.8 |
         Abyss |    174 |    174 |      0 |      0 |     64 |   3 |   58.0 |
         Trove |     43 |     43 |      0 |      0 |      0 |   1 |   43.0 |
         Sewer |    135 |    135 |      0 |      0 |     93 |   1 |  135.0 |
       Ossuary |    631 |    631 |      0 |     15 |    228 |   1 |  631.0 |
        Bailey |    503 |    503 |      0 |     99 |    219 |   1 |  503.0 |
      Gauntlet |    646 |    646 |      0 |    266 |    168 |   1 |  646.0 |
               +--------+--------+--------+--------+--------+-----+--------+

Top non-repeatable levels by time:
Depths:4: 3491 daAuts
   Zot:4: 3143 daAuts
   Zot:5: 2648 daAuts
   Zot:1: 2409 daAuts
Spider:2: 2234 daAuts
 Crypt:3: 2234 daAuts
Spider:3: 2188 daAuts
   Elf:2: 2081 daAuts
 Crypt:2: 1913 daAuts
Vaults:3: 1901 daAuts
   Zot:3: 1830 daAuts
Spider:4: 1814 daAuts
Depths:2: 1811 daAuts
Shoals:4: 1807 daAuts
    D:10: 1686 daAuts
